 Dungeon Crawl Stone Soup version 0.21-a0-24-ga372141 (webtiles) character file.

680700 sour the Conqueror (level 27, -4/245 HPs)
             Began as a Minotaur Berserker on May 25, 2017.
             Was a High Priest of Trog.
             Killed from afar by an orb of fire (17 damage)
             ... with a fireball
             ... on level 5 of the Realm of Zot.
             The game lasted 03:44:47 (67752 turns).

sour the Conqueror (Minotaur Berserker)            Turns: 67752, Time: 03:44:47

Health: -4/245     AC: 35    Str: 18    XL:     27
Magic:  0/31       EV: 31    Int:  4    God:    Trog [*****.]
Gold:   6682       SH: 27    Dex: 30    Spells: 26/26 levels left

rFire    + + .     SeeInvis +   I - +11 morningstar of Intimidation {drain, +Inv rC++ Int+2 Dex-3}
rCold    + + .     Gourm    .   H - +1 large shield {reflect} {Reflect}
rNeg     + + +     Faith    .   b - +7 storm dragon scales of Ashruzxauc {rElec rF+ Regen+}
rPois    .         Spirit   +   (helmet restricted)
rElec    +         Reflect  +   A - scarf {Spirit}
rCorr    +         Harm     .   z - +2 pair of gloves {Dex+3} {Dex+3}
MR       +++++                  s - +0 pair of boots of the Cicada {rN+ rCorr Str-2 Dex+9}
Stlth    ..........             C - amulet of Yfaz Zenk {+Blink rC- MR+++ Regen+ Str-3}
Regen    0.0/turn               K - ring "Gonicvit" {rF+ Dex+2 Slay+5}
MPRegen  0.3/turn               a - ring of Utye {rElec rN++ MR+ Dex-3 SInv}

@: about to teleport, berserk cooldown, very slightly contaminated, hasted and
slowed, invisible
A: retaliatory headbutt, horns 2, slimy green scales 1, agile 1, blurry vision
2, cold resistance 1, deterioration 1, dopey 1, frail 1, magic resistance 1,
inhibited regeneration, weak 1, evolution 1, no potion heal 1, MP-powered wands
}: 3/15 runes: decaying, serpentine, silver
a: Berserk, Trog's Hand, Brothers in Arms, Burn Spellbooks, Renounce Religion,
Evoke Blink


You were on level 5 of the Realm of Zot.
You worshipped Trog.
Trog was extremely pleased with you.
You were not hungry.

You visited 10 branches of the dungeon, and saw 52 of its levels.
You also visited: Labyrinth, Trove, Sewer, Ice Cave, Volcano and Wizlab.

You collected 9590 gold pieces.
You spent 2908 gold pieces at shops.

Inventory:

Hand Weapons
 I - the +11 morningstar of Intimidation (weapon) {drain, +Inv rC++ Int+2 Dex-3}
   (You found it in a labyrinth)

   A truly terrible weapon, it drains the life of those it strikes.
   It affects your intelligence (+2).
   It affects your dexterity (-3).
   It greatly protects you from cold.
   It lets you turn invisible.
Armour
 b - the +7 storm dragon scales of Ashruzxauc (worn) {rElec rF+ Regen+}
   (You took it off a deep elf master archer on level 3 of the Elven Halls)

   It protects you from fire.
   It insulates you from electricity.
   It increases your rate of regeneration.
 s - the +0 pair of boots of the Cicada (worn) {rN+ rCorr Str-2 Dex+9}
   (You found it on level 3 of the Crypt)

   It affects your strength (-2).
   It affects your dexterity (+9).
   It protects you from negative energy.
   It protects you from acid and corrosion.
 z - a +2 pair of gloves of dexterity (worn) {Dex+3}
 A - a scarf of spirit shield (worn)
 H - a +1 large shield of reflection (worn) {Reflect}
Jewellery
 a - the ring of Utye (right hand) {rElec rN++ MR+ Dex-3 SInv}
   (You took it off a deep elf blademaster on level 3 of the Elven Halls)

   [ring of protection from magic]

   It affects your dexterity (-3).
   It insulates you from electricity.
   It greatly protects you from negative energy.
   It affects your resistance to hostile enchantments.
   It lets you see invisible.
 C - the amulet of Yfaz Zenk (around neck) {+Blink rC- MR+++ Regen+ Str-3}
   (You took it off a deep elf master archer on level 3 of the Elven Halls)

   [amulet of regeneration]

   It affects your strength (-3).
   It makes you vulnerable to cold.
   It affects your resistance to hostile enchantments.
   It lets you blink.
   It increases your rate of regeneration.
 K - the ring "Gonicvit" (left hand) {rF+ Dex+2 Slay+5}
   (You found it on level 2 of the Depths)

   [ring of protection from fire]

   It affects your dexterity (+2).
   It affects your accuracy and damage with ranged weapons and melee attacks
   (+5).
   It protects you from fire.
Wands
 p - a wand of paralysis (24/24)
 D - a wand of digging (5/24)
 N - a wand of iceblast (5/15)
 R - a wand of lightning (9/15)
Scrolls
 e - 9 scrolls of fear
 f - 8 scrolls of fog
 i - 4 scrolls of identify
 n - 3 scrolls of holy word {!r}
 q - 14 scrolls of enchant weapon
 r - 16 scrolls of recharging
 t - 26 scrolls of teleportation
 B - 7 scrolls of blinking {!r}
 F - 2 scrolls of brand weapon
 G - 7 scrolls of immolation {!r}
 O - 2 scrolls of summoning
 U - 4 scrolls of magic mapping {!r}
 V - 25 scrolls of remove curse
 X - a scroll of enchant armour
 Z - a scroll of silence
Potions
 g - 6 potions of haste
 h - 11 potions of ambrosia
 j - 25 potions of curing
 k - 10 potions of mutation {!q}
 l - 4 potions of resistance
 m - 8 potions of agility
 o - 10 potions of flight
 u - 12 potions of might
 w - 13 potions of brilliance
 x - 12 potions of heal wounds
 L - 2 potions of experience
 M - 3 potions of invisibility
 Q - 7 potions of magic
 S - 6 potions of lignification {!q}
 Y - 2 potions of cancellation
Miscellaneous
 d - 3 phantom mirrors
 y - a lamp of fire
 E - a phial of floods (inert)
 J - a lightning rod (4/4)
 P - a lightning rod (4/4)
 W - a fan of gales
Comestibles
 c - 14 bread rations
 v - 22 royal jellies
 T - 14 meat rations


   Skills:
 O Level 27 Fighting
 + Level 23.2 Maces & Flails
 - Level 23.1 Armour
 O Level 27 Dodging
 - Level 25.0 Shields
 - Level 12.2 Evocations


You had 26 spell levels left.
You didn't know any spells.

Dungeon Overview and Level Annotations

Branches:
Dungeon (15/15)            Temple (0/1) D:7            Lair (6/6) D:11
  Swamp (4/4) Lair:4        Snake (4/4) Lair:3        Slime (0/5) Lair:6
    Orc (2/2) D:9             Elf (3/3) Orc:2        Vaults (5/5) D:13
  Crypt (3/3) Vaults:3       Tomb (0/3) Crypt:3      Depths (5/5) D:15
    Zot (5/5) Depths:5

Altars:
Dithmenos
Elyvilon
Okawaru
Ru
Vehumet
Yredelemnul
Zin
Beogh
Jiyva

Shops:
D:7 (   D:14 [   Orc:2 :(*[   Elf:3 :   Vaults:1 :   Vaults:3 }   Depths:2 *
Depths:3 (   Depths:4 =}=   Depths:5 *

Portals:
Hell: Depths:1 Depths:2 Depths:3 Depths:4 Depths:5
Abyss: Depths:3 Depths:4
Pandemonium: Depths:1 Depths:3
Ziggurat: Depths:4

Annotations:
Crypt:1 exclusion: upstairs


Innate Abilities, Weirdness & Mutations

You reflexively headbutt those who attack you in melee.
You have a pair of horns on your head.
You are partially covered in slimy green scales. (AC +2)
You are agile. (Dex +2)
Scrolls take you longer to read.
Your flesh is cold resistant. (rC+)
Your body sometimes deteriorates upon taking damage.
You are dopey. (Int -2)
You are frail. (-10% HP)
You are resistant to hostile enchantments. (MR+)
You do not regenerate when monsters are visible.
You are weak. (Str -2)
You evolve.
Potions are less effective at restoring your health.
You expend magic power (3 MP) to strengthen your wands.


Message History

Strange energies course through your body.
You feel yourself wasting away.
The orb of fire glows yellow.
The fireball explodes!
The fireball engulfs the orb of fire.
The orb of fire completely resists.
The fireball engulfs you! You resist.
* * * LOW MAGIC WARNING * * *;
* * * LOW HITPOINT WARNING * * *
The fireball engulfs the orb of fire.
The orb of fire completely resists.
You hear a roar!
As you read the scroll of teleportation, it crumbles to dust.
You feel strangely unstable.
You feel the Orb delaying your translocation!
You take 6 damage, and have 8/242 hp.
You now have 0/31 mp.
Your system partially rejects the healing.
You feel much better.
The orb of fire emits a lurid red light.
The bolt of fire hits you! You resist.
* * * LOW HITPOINT WARNING * * *
The orb of fire glows red.
The fireball explodes!
The fireball engulfs you! You resist.
You die...

*,* ##.# #####.# #.# *,* #.#
#.....###.## *,*** #.##
#..........## *,,,* #..#
#.#######.... ***+* ##.# #.#
#..## ***** *########.########
▓▓##* ,,,,** #...............#
**,, ,,,,,** ##......*......##
**,,, ,,,,,,** #.....@*z.....#
**,,,, ,,,,,,,* ##.....*.....##
#..... ,,,,,,,* #.....*.....#
#..... ,,,,,,,* *#...........##
#..... ,,,,,,,* #.............#
#..... ,,,,,,,* *#.............##
#.....
,,,,,,,**#........)......###.....
,,,,,,***...###########...###^.zy
,,,,,**,,,,** ##....##...


You could see 4 orbs of fire and a death cob.

Vault maps used:
D:1:      eino_arrival_tree_alley, st_stairs_12
D:2:      first_bread, serial_aquarium, aquarium_bridge_square,
          aquarium_bridge_square, aquarium_window_1, aquarium_window_corner,
          aquarium_window_corridor_1, aquarium_window_2, aquarium_view_2d,
          aquarium_view_2c, aquarium_balcony_1b
D:3:      vehumet_crystals, minmay_surrounded
D:4:      portal_sewer_entry_f
D:5:      kennysheep_slugbush, kennysheep_pointless_box, lemuel_flame_loot_1
D:6:      lemuel_upstairs_altar, lemuel_crystal_altar, basic_altar
D:7:      zin_scriptorium, minmay_temple_entry_purple_smoke, serial_shops, shop,
          wad_floor_pattern_untrapped, grunt_ogre_cave, david_defended_altar_orc
D:8:      uniq_gastronok
D:9:      minmay_opposing_rooms, nicolae_overflow_crystal_walls, serial_ice,
          serial_ice_e, serial_ice_d, serial_ice_m, serial_ice_i, serial_ice_a,
          uniq_psyche
D:10:     minmay_pinched_square
D:11:     lair_entry_dummy
D:12:     uniq_nessos, uniq_erolcha
D:13:     erik_vaults_2, hangedman_parallel_progression, uniq_maurice,
          uniq_kirke
D:14:     serial_shops, shop, bh_walls_and_bars
D:15:     grunt_enter_depths_giant_problem, corexii_leaking_fountain
Lair:1:   serial_bayou_pond_b, serial_bayou_shore_b
Lair:3:   dummy_snake_entry, portal_ice_cave_entry_imps
Lair:4:   minmay_swamp_entry_swarm, enter_volcano_1
Lair:5:   grunt_forest_large_clearing_hut, lemuel_fruit_fields
Lair:6:   hangedman_lair_in_review, dpeg_slime_entry_enclosed_altar,
          lab_entry_generic, pond
Swamp:1:  nicolae_swamp_round_clearing
Swamp:2:  hangedman_swamp_lotus, swamp_pool4, uniq_donald
Swamp:3:  evilmike_swamp_ruin_house_4, infiniplex_staircase_pool
Swamp:4:  swamp_alternative, swamp_pool1, uniq_roxanne
Snake:1:  basic_altar, uniq_josephine
Snake:3:  grunt_ministairs_10
Snake:4:  johnstein_snake_rune_scales, uniq_vashnia
Orc:1:    uniq_harold, uniq_erica, uniq_snorg
Orc:2:    grunt_orc_gardens, grunt_orc_garden, grunt_orc_garden,
          grunt_orc_garden, grunt_orc_garden, uniq_rupert
Elf:1:    eino_elf_arrival_sip, orc_legates, eino_tiny_chamber,
          minmay_misc_feat_ornament
Elf:3:    minmay_elf_hall_statues, serial_shops, shop,
          nicolae_elf_big_sculpture_3
Vaults:1: ontoclasm_vaults_misaligned, hangedman_vaults_stream,
          vaults_mumra_chevron, grunt_vaults_diagonal,
          nicolae_vaults_puzzle_piece, nicolae_vaults_minivaults,
          vaults_room_pools, nicolae_vaults_alarming, hangedman_vaults_slice,
          nicolae_vaults_stairing_the_circle, nicolae_vaults_little_squares_5,
          v_rooms_5, nicolae_vaults_little_squares_1, serial_ice_b,
          vaults_dpeg_ring, serial_shops, shop, uniq_asterion
Vaults:2: v_misc_16, nicolae_vaults_arrows, grunt_vaults_trifunnel, v_rooms_4,
          nicolae_vaults_yaktaur_gun_rack, ontoclasm_vaults_gateway, st_cross,
          vaults_room_door_hall, vaults_room_fours, vaults_mumra_lcd,
          uniq_saint_roka
Vaults:3: v_misc_3, vaults_dpeg_diagonal, nicolae_vaults_shelves_hall,
          v_misc_16, vaults_room_stairs_pillars, vaults_room_mumra_shop_pool,
          v_misc_3, minmay_crypt_entry_simple_corners, uniq_bai_suzhen
Vaults:4: vaults_dpeg_encased_lava, v_rooms_5, v_misc_17, v_misc_10,
          nicolae_vaults_little_ls, vaults_mumra_chevron_long,
          vaults_room_boxed, v_misc_30, v_misc_8,
          nicolae_vaults_mini_display_case, uniq_jorgrun, uniq_jory
Vaults:5: uniq_margery, uniq_sojobo
Crypt:1:  basic_loot_grate_trap, lemuel_hellish_altar, grunt_crypt_arrival_split
Crypt:2:  uniq_mara
Crypt:3:  due_elkab, nicolae_tomb_entry_rubble_hallway,
          infiniplex_enter_wizlab_water, st_vampire_maze
Depths:1: grunt_pan_entry_spiral, hell_entry, kennysheep_underground_church
Depths:2: grunt_crosshair, minmay_misc_feat_cross, serial_shops, shop_statue,
          grunt_mini_vestibule
Depths:3: cheibrodos_cascadia, nicolae_trove_entry_columns, abyss_entry,
          serial_shops, shop_statue, hell_entry, grunt_pan_entry_in_and_out,
          grunt_ministairs_9, kennysheep_crisscross, minivault_11,
          uniq_frederick
Depths:4: minmay_swirls_squares, enter_ziggurat_a, abyss_entry_crystal,
          hell_entry, minmay_shop_grove, uniq_enchantress
Depths:5: grunt_zot_entry_tricorne, minmay_misc_feat_pillars, hell_entry,
          guppyfry_shop_blood, grunt_megastairs_4, serial_bayou_shore_b
Zot:1:    infiniplex_zot_generator
Zot:2:    nicolae_moth_party
Lab:      labyrinth_hidden_loot, nicolae_lab_big_swirl, nicolae_lab_grate,
          nicolae_lab_grate_2, nicolae_lab_very_dead_end, lab_hedge,
          nicolae_lab_flowing_pool, nicolae_lab_t_cross, nicolae_lab_blocks,
          nicolae_lab_arrow
Trove:    trove_garden
Sewer:    sewer_co_tree
IceCv:    ice_cave_small_giant
Volcano:  volcano_grotto
WizLab:   wizlab_wucad

Notes
Turn   | Place    | Note
-------+----------+-------------------------------------------
     0 | D:1      | sour the Minotaur Berserker began the quest for the Orb.
     0 | D:1      | Reached XP level 1. HP: 19/19 MP: 0/0
    34 | D:1      | Reached skill level 4 in Maces & Flails
    46 | D:1      | Identified a +0 chain mail (You found it on level 1 of the Dungeon)
   165 | D:1      | Reached XP level 2. HP: 26/26 MP: 1/1
   316 | D:1      | Reached skill level 5 in Maces & Flails
   354 | D:1      | You fall through a shaft!
   398 | D:2      | Reached XP level 3. HP: 26/31 MP: 2/2
   401 | D:2      | Reached ** piety under Trog
   502 | D:2      | sour: well well
  1104 | D:3      | Reached XP level 4. HP: 39/39 MP: 3/3
  1110 | D:3      | Reached skill level 6 in Maces & Flails
  1117 | D:3      | Noticed syranez's ghost (amateur DsIE)
  1118 | D:3      | Found a radiant altar of Vehumet.
  1121 | D:3      | Killed syranez's ghost
  1121 | D:3      | Reached skill level 7 in Maces & Flails
  1121 | D:3      | Reached XP level 5. HP: 45/45 MP: 4/4
  1615 | D:4      | Found a glowing drain.
  1630 | D:4      | Reached skill level 8 in Maces & Flails
  1631 | D:4      | Reached XP level 6. HP: 34/51 MP: 5/5
  1664 | Sewer    | Entered a sewer
  1823 | Sewer    | Reached *** piety under Trog
  1824 | Sewer    | sour: what are people doing here
  1847 | Sewer    | Angani: watching you
  1854 | Sewer    | Torax: ( ͡° ͜ʖ ͡°)
  1890 | Sewer    | Angani: just like that
  2040 | Sewer    | Unholydonuts: your felid has some strange horns i must say
  2090 | Sewer    | Torax: :DD
  2090 | Sewer    | sour: thanks
  2220 | Sewer    | Torax: Mutation potions are indeed nice
  2249 | Sewer    | Reached skill level 9 in Maces & Flails
  2377 | D:4      | Identified a ring of fire (You found it on level 4 of the Dungeon)
  2378 | D:4      | Identified a ring of loudness (You found it on level 2 of the Dungeon)
  2380 | D:4      | Identified 3 scrolls of teleportation
  2381 | D:4      | Identified 2 scrolls of identify
  2381 | D:4      | Identified an amulet of faith (You found it on level 1 of the Dungeon)
  2382 | D:4      | Identified 2 scrolls of fear
  2456 | D:4      | Identified a +1 pair of gloves of dexterity (You found it on level 4 of the Dungeon)
  2581 | D:4      | Identified a +0 pair of boots (You found it on level 4 of the Dungeon)
  2856 | D:4      | Reached XP level 7. HP: 57/57 MP: 6/6
  3088 | D:4      | Reached skill level 10 in Maces & Flails
  3134 | D:5      | Entered Level 5 of the Dungeon
  3234 | D:5      | Reached **** piety under Trog
  3510 | D:5      | Reached skill level 11 in Maces & Flails
  3535 | D:5      | Identified a +2 pair of gloves (You found it on level 5 of the Dungeon)
  3619 | D:5      | Identified a ring of intelligence (You found it on level 5 of the Dungeon)
  3622 | D:5      | Identified a scroll of remove curse
  3637 | D:5      | Identified a ring of resist corrosion (You found it on level 5 of the Dungeon)
  4230 | D:5      | Angani: that was risky
  4230 | D:5      | Angani: I've died from doing that
  4230 | D:5      | Angani: also, that artifact down there
  4240 | D:5      | Got a crude pewter ring
  4357 | D:5      | Identified the ring "Ihoq" {Fire Str+3 Int+2 Dex-4} (You found it on level 5 of the Dungeon)
  4379 | D:6      | Reached XP level 8. HP: 64/64 MP: 7/7
  4403 | D:6      | Reached skill level 12 in Maces & Flails
  4732 | D:6      | Found an iron altar of Okawaru.
  4810 | D:6      | Found a shadowy altar of Dithmenos.
  4816 | D:6      | Identified a ring of flight (You found it on level 6 of the Dungeon)
  5060 | D:6      | Reached skill level 13 in Maces & Flails
  5314 | D:6      | Reached ***** piety under Trog
  5805 | D:7      | Reached XP level 9. HP: 70/70 MP: 8/8
  5808 | D:7      | Found a roughly hewn altar of Beogh.
  5979 | D:7      | Reached skill level 14 in Maces & Flails
  6023 | D:7      | Reached skill level 3 in Armour
  6027 | D:7      | Reached skill level 4 in Fighting
  6279 | D:7      | Found a glowing silver altar of Zin.
  6283 | D:7      | Found a staircase to the Ecumenical Temple.
  6364 | D:7      | Found Acuigieff's Antique Weapon Boutique.
  6372 | D:7      | Bought a twisted flail for 229 gold pieces
  6372 | D:7      | Identified the +6 flail of the Pits of Slime {elec, Dex+4} (You bought it in a shop on level 7 of the Dungeon)
  6439 | D:7      | Reached skill level 4 in Armour
  6635 | D:8      | Identified a scroll of blinking
  6639 | D:8      | Reached skill level 5 in Armour
  6703 | D:8      | Identified a +0 plate armour (You found it on level 8 of the Dungeon)
  6709 | D:8      | Identified a +0 cloak (You found it on level 8 of the Dungeon)
  6745 | D:8      | Noticed sour's ghost (novice HaHu)
  6751 | D:8      | Killed sour's ghost
  6751 | D:8      | Reached skill level 5 in Fighting
  6751 | D:8      | Reached skill level 6 in Armour
  6816 | D:8      | Noticed a two-headed ogre
  6824 | D:8      | Killed a two-headed ogre
  6824 | D:8      | Reached skill level 6 in Fighting
  6824 | D:8      | Reached skill level 8 in Armour
  6878 | D:8      | Reached XP level 10. HP: 73/84 MP: 9/9
  7398 | D:8      | Noticed Gastronok
  7407 | D:8      | Reached skill level 7 in Fighting
  7408 | D:8      | Reached skill level 9 in Armour
  7414 | D:8      | Killed Gastronok
  7414 | D:8      | Reached skill level 8 in Fighting
  7414 | D:8      | Reached skill level 10 in Armour
  7690 | D:9      | Reached skill level 11 in Armour
  8031 | D:9      | Found a sacrificial altar of Ru.
  8047 | D:9      | Received a gift from Trog
  8058 | D:9      | Reached skill level 9 in Fighting
  8100 | D:9      | Identified a scroll of fog
  8101 | D:9      | Identified a scroll of magic mapping
  8102 | D:9      | Identified a scroll of enchant armour
  8103 | D:9      | Identified a scroll of torment
  8286 | D:9      | Identified a scroll of noise
  8287 | D:9      | Identified a scroll of vulnerability
  8288 | D:9      | Identified 3 scrolls of enchant weapon
  8289 | D:9      | Identified a scroll of amnesia
  8313 | D:9      | Reached XP level 11. HP: 81/97 MP: 10/10
  8318 | D:9      | sour: holy christ spectators
  8319 | D:9      | Angani: so many
  8325 | D:9      | Angani: That hat
  8332 | D:9      | Angani: is probably a bad idea
  8332 | D:9      | Angani: ??ponderous
  8332 | D:9      | sour: quite, yes
  8332 | D:9      | beem: ponderousness[1/3]: Bad armour ego that adds 1 aut (0.1 turns) to {movement delay}. Bad.
  8358 | D:9      | Found a staircase to the Orcish Mines.
  8463 | D:9      | Reached skill level 12 in Armour
  8579 | D:9      | Noticed Psyche
  8585 | D:9      | Killed Psyche
  8608 | D:9      | Noticed a two-headed ogre
  8619 | D:9      | Killed a two-headed ogre
  8691 | D:9      | Identified the Collected Works on Poison and Clay
  9125 | D:9      | Identified a scroll of recharging
  9126 | D:9      | Identified 2 potions of lignification
  9127 | D:9      | Identified 2 potions of heal wounds
  9128 | D:9      | Identified 5 potions of curing
  9129 | D:9      | Identified 2 potions of mutation
  9130 | D:9      | Identified a potion of degeneration
  9163 | D:10     | Entered Level 10 of the Dungeon
  9175 | D:10     | Identified 4 potions of might
  9190 | D:10     | Noticed a two-headed ogre
  9200 | D:10     | Killed a two-headed ogre
  9200 | D:10     | Reached skill level 10 in Fighting
  9200 | D:10     | Reached skill level 13 in Armour
  9271 | D:10     | Noticed harmitage's ghost (novice TrMo)
  9278 | D:10     | Killed harmitage's ghost
  9363 | D:10     | Received a gift from Trog
  9365 | D:10     | Identified a +1 antimagic great mace (Trog gifted it to you on level 10 of the Dungeon)
  9376 | D:10     | Reached skill level 11 in Fighting
  9567 | D:10     | Identified a +0 troll leather armour
  9595 | D:10     | Reached skill level 12 in Fighting
  9606 | D:10     | Identified +0 acid dragon scales
 10358 | D:11     | Found a staircase to the Lair.
 10367 | D:11     | Identified a scroll of immolation
 10492 | D:11     | Identified a scroll of summoning
 10516 | D:11     | Identified 2 potions of ambrosia
 10534 | D:11     | Reached skill level 13 in Fighting
 10603 | D:11     | Noticed a two-headed ogre
 10608 | D:11     | Killed a two-headed ogre
 10633 | D:11     | Reached XP level 12. HP: 93/115 MP: 11/11
 10760 | D:11     | Gained mutation: You are partially covered in slimy green scales. (AC +2) [mutagenic meat]
 10761 | D:11     | Gained mutation: You are frail. (-10% HP) [mutagenic meat]
 10762 | D:11     | Gained mutation: You are partially covered in iridescent scales. (AC +2) [mutagenic meat]
 10763 | D:11     | Gained mutation: Your muscles are strong. (Str +2) [mutagenic meat]
 10764 | D:11     | Gained mutation: You are very frail. (-20% HP) [mutagenic meat]
 10765 | D:11     | Gained mutation: Your flesh is heat resistant. (rF+) [mutagenic meat]
 10766 | D:11     | Torax: Very frail seems very bad.
 10766 | D:11     | Lost mutation: Your flesh is heat resistant. (rF+) [potion of mutation]
 10766 | D:11     | Lost mutation: You are partially covered in iridescent scales. (AC +2) [potion of mutation]
 10766 | D:11     | Lost mutation: Your muscles are strong. (Str +2) [potion of mutation]
 10766 | D:11     | Lost mutation: You are very frail. (-20% HP) [potion of mutation]
 10766 | D:11     | Lost mutation: You are frail. (-10% HP) [potion of mutation]
 10766 | D:11     | Gained mutation: You are agile. (Dex +2) [potion of mutation]
 10767 | D:11     | sour: quite
 10768 | D:11     | Gained mutation: Your muscles are strong. (Str +2) [mutagenic meat]
 10884 | D:11     | Got a pitted bone ring
 10885 | D:11     | Torax: guess the end result was pretty good tho.
 10975 | Lair:1   | Entered Level 1 of the Lair of Beasts
 10983 | Lair:1   | Reached skill level 14 in Fighting
 11192 | Lair:1   | Torax: Did you just ignore the ring you got?
 11233 | Lair:1   | Angani: yes
 11233 | Lair:1   | sour: yes
 11256 | Lair:1   | Torax: randart ring
 11260 | Lair:1   | Identified the ring of Sumeagow {rF+ Str+3 Stlth+} (You found it on level 11 of the Dungeon)
 11261 | Lair:1   | Angani: good ring too
 11280 | Lair:1   | Torax: not really
 11292 | Lair:1   | Angani: I mean
 11292 | Lair:1   | sour: hah, molten gargoyle
 11292 | Lair:1   | Torax: Fire ring with -4 dex
 11292 | Lair:1   | sour: wasssuuuup
 11292 | Lair:1   | Angani: it's not a bad ring
 11292 | Lair:1   | Torax: It is a bad ring
 11292 | Lair:1   | Torax: I'd rather have ring of Fire.
 11292 | Lair:1   | sour: yes ok
 11306 | Lair:1   | sour: i am the mibe here
 11350 | Lair:1   | Reached skill level 15 in Fighting
 12065 | Lair:2   | Reached skill level 16 in Fighting
 12122 | Lair:2   | Identified a scroll of random uselessness
 12143 | Lair:2   | Reached skill level 3 in Dodging
 12158 | Lair:2   | Reached skill level 4 in Dodging
 12426 | Lair:2   | Reached skill level 5 in Dodging
 12512 | Lair:2   | Pekkekk: i get it
 12529 | Lair:2   | Pekkekk: i understand now why people hate my autoexplore setting
 12531 | Lair:3   | sour: ahahaha
 12583 | Lair:3   | Identified a scroll of holy word
 12613 | Lair:3   | Reached skill level 6 in Dodging
 12697 | Lair:3   | Angani: why>
 12793 | Lair:3   | Found a frozen archway.
 12800 | Lair:3   | Reached skill level 7 in Dodging
 12807 | Lair:3   | Received a gift from Trog
 12816 | IceCv    | Entered an ice cave
 12817 | IceCv    | Pekkekk: because the character blitzes around the screen
 12828 | IceCv    | Angani: I don't like that entrance to ice cave
 12828 | IceCv    | Reached XP level 13. HP: 105/128 MP: 12/12
 12840 | IceCv    | Pekkekk: it's less disorienting when *i'm* the one pressing o... you know like when you're riding in a car and the driver turns and you weren't expecting it?
 12840 | IceCv    | Angani: I find it too often when I'm too frail
 12850 | IceCv    | Angani: yeah
 12861 | IceCv    | Pekkekk: watching someone else press o with this autoexplore setting is like that
 13068 | IceCv    | Reached skill level 8 in Dodging
 13164 | IceCv    | sour: murphy's law
 13164 | IceCv    | sour: 1%
 13166 | IceCv    | sour: wow
 13166 | IceCv    | sour: murphy is strong tonight
 13283 | IceCv    | Reached skill level 9 in Dodging
 13298 | IceCv    | Noticed a frost giant
 13314 | IceCv    | Killed a frost giant
 13485 | IceCv    | Reached skill level 10 in Dodging
 13702 | IceCv    | sour: that's how it works?
 14002 | Lair:3   | Pekkekk: sick ring
 14002 | Lair:3   | Pekkekk: i mean
 14002 | Lair:3   | Identified 4 potions of haste
 14003 | Lair:3   | Pekkekk: sick might be giving it too much credit
 14003 | Lair:3   | Pekkekk: great ring
 14093 | Lair:3   | Found a staircase to the Snake Pit.
 14371 | Lair:3   | sour: so weird having so many good players watch me
 14410 | Lair:4   | Angani: volcano
 14411 | Lair:4   | Angani: and death
 14421 | Lair:4   | Reached skill level 11 in Dodging
 14437 | Lair:4   | Angani: hey
 14437 | Lair:4   | Angani: it's down there
 14519 | Lair:4   | Found a dark tunnel.
 14530 | Volcano  | Entered a volcano
 14531 | Volcano  | Pekkekk: we have rF+++
 14531 | Volcano  | Torax: What sort of ring did he find?
 14531 | Volcano  | Pekkekk: volcano should be ok
 14531 | Volcano  | sour: ye
 14550 | Volcano  | Noticed tomku's ghost (journeyman HOFi)
 14556 | Volcano  | Pekkekk: ring was rF+ Str+3 Stlth+
 14556 | Volcano  | Torax: oh
 14560 | Volcano  | Torax: I thought you were talking about that horrible Fire str+2 int+3 dex-4 ring.
 14565 | Volcano  | Killed tomku's ghost
 14565 | Volcano  | Reached skill level 12 in Dodging
 14569 | Volcano  | Pekkekk: man you're ballsy
 14787 | Volcano  | Pekkekk: i would've just left the volcano on seeing that ghost lol
 14791 | Volcano  | Angani: ^
 14901 | Volcano  | Found a radiant altar of Vehumet.
 14944 | Volcano  | Noticed a fire dragon
 14951 | Volcano  | Killed a fire dragon
 15028 | Volcano  | Torax: !apt Mi
 15028 | Volcano  | beem: Mi: Fighting: 2, Short: 1, Long: 2!, Axes: 2, Maces: 2!, Polearms: 2, Staves: 2!, Slings: 1, Bows: 1, Xbows: 1, Throw: 0, Armour: 2!, Dodge: 1, Stealth: -1, Shields: 2!, UC: 1!, Splcast: -4, Conj: -3*, Hexes: -4*, Charms: -4*, Summ: -3*, Nec: -3*, Tloc: -3*, Tmut: -2, Fire: -3*, Ice: -3*, Air: -3, Earth: -2, Poison: -3*, Inv: 0, Evo: -1, Exp: -1, HP: 1, MP: -1*
 15028 | Volcano  | sour: lol what
 15050 | Lair:4   | Torax: beem is here.
 15051 | Lair:4   | sour: would you really have left?
 15064 | Lair:4   | Reached skill level 13 in Dodging
 15067 | Lair:4   | Angani: yes
 15067 | Lair:4   | Angani: 100%
 15067 | Lair:4   | Angani: unless I was sure I could win
 15067 | Lair:4   | Angani: without doubt
 15067 | Lair:4   | Angani: I've died too much in volcanos and ice caves
 15140 | Lair:4   | Found a staircase to the Swamp.
 15735 | Lair:4   | Pekkekk: yeah i would have left for sure
 15788 | Lair:4   | Pekkekk: it had like AC+++++ and EV+++ and hit for up to 40
 15806 | Lair:4   | sour: lol, really
 15806 | Lair:4   | sour: didn't see
 15845 | Lair:4   | Pekkekk: LUL
 15864 | Lair:4   | Pekkekk: "hits up to" is like the most important thing to check on melee ghosts
 15864 | Lair:4   | sour: i didn't check a thing lol
 15864 | Lair:4   | sour: just called me pal and went zerk
 15864 | Lair:4   | Pekkekk: you xv'd it though
 15916 | Lair:5   | Pekkekk: did you just xv it to appease chat and ignore all the info in the xv screen?
 15916 | Lair:5   | sour: best shield
 15916 | Lair:5   | sour: what even is xv
 15922 | Lair:5   | Pekkekk: you're cut out for mibe
 15940 | Lair:5   | Reached XP level 14. HP: 92/137 MP: 13/13
 16152 | Lair:5   | sour: well
 16152 | Lair:5   | Pekkekk: it's the thing you did to examine the ghost
 16152 | Lair:5   | sour: im doing this thing
 16152 | Lair:5   | sour: mibe
 16152 | Lair:5   | sour: to end this mockery
 16152 | Lair:5   | sour: so i can return to shit combos
 16152 | Lair:5   | sour: also
 16152 | Lair:5   | sour: i do x v
 16152 | Lair:5   | sour: see
 16160 | Lair:5   | Noticed Patate's ghost (journeyman SpEn)
 16160 | Lair:5   | sour: is this your nephew, pekkekk?
 16168 | Lair:5   | Pekkekk: this ghost bout to rek us
 16194 | Lair:5   | Killed Patate's ghost
 16198 | Lair:5   | sour: turns out i just missed a lot
 16198 | Lair:5   | Unholydonuts: trying to run while slowed is bhad idea
 16596 | Lair:5   | sour: bush tp
 16911 | Lair:5   | Reached skill level 14 in Armour
 16912 | Lair:5   | Pekkekk: ooo laja
 16929 | Lair:5   | Pekkekk: ??crosstraining
 16933 | Lair:5   | beem: cross training[1/2]: 40% of the skill points (not levels!) in any weapon skill is used to boost the cross-trained skill for free. Short <-> Long Blades, Maces <-> Axes, Axes <-> Polearms, Polearms <-> Staves, Maces <-> Staves, Slings <-> Throwing
 17109 | Lair:5   | Pekkekk: ??flail
 17124 | Lair:5   | beem: flail[1/1]: (maces & flails; +0 acc / 10 dam / 1.4 base delay / 0.7 min delay). A mace with a short chain connecting the head to the haft.
 17124 | Lair:5   | Pekkekk: ??lajatang
 17124 | Lair:5   | beem: lajatang[1/2]: (staves; -3 acc / 16 dam / 1.4 base delay / 0.7 min delay; two handed). A very rare and extremely effective imported weapon, featuring a pole with half-moon blades at both ends. Lajatangs chop hydra heads.
 17327 | Lair:6   | Entered Level 6 of the Lair of Beasts
 17392 | Lair:6   | Found a labyrinth entrance.
 17402 | Lab      | Entered a labyrinth
 17542 | Lab      | Reached skill level 14 in Dodging
 17597 | Lab      | Pekkekk: oooooooooooooooooo
 17597 | Lab      | sour: wow
 17597 | Lab      | Unholydonuts: lucky
 17606 | Lab      | Got a warped morningstar
 17618 | Lab      | Identified a +1 cloak of magic resistance (You found it in a labyrinth)
 17619 | Lab      | Unholydonuts: now you shouldnt loose anymore
 17619 | Lab      | Identified an amulet of regeneration (You found it in a labyrinth)
 17620 | Lab      | Unholydonuts: with that weapon
 17626 | Lab      | Identified a ring of protection (You found it in a labyrinth)
 17629 | Lab      | Identified a ring of teleportation (You found it on level 5 of the Lair of Beasts)
 17630 | Lab      | Pekkekk: what a lab
 17633 | Lab      | Pekkekk: Eos and +6 AC
 17634 | Lab      | Pekkekk: and +1 MR cloak
 17636 | Lab      | Unholydonuts: thats insane.
 17636 | Lab      | sour: should i just wield
 17636 | Lab      | sour: this warped morningstar
 17636 | Lab      | Pekkekk: lol no
 17636 | Lab      | Pekkekk: you should've used your ID scroll on the morningstar instead of your amulet
 17636 | Lab      | Pekkekk: but you def don't wield id that
 17636 | Lab      | sour: kinda wanted an amulet
 17673 | Lair:6   | Pekkekk: you left without burning the books :\
 17677 | Lair:6   | Pekkekk: rip piety
 17684 | Lair:6   | sour: right
 17727 | Lair:6   | Unholydonuts: the game should be won anyways because eos
 17762 | Lair:6   | Identified the +11 morningstar of Intimidation {drain, +Inv rC++ Int+2 Dex-3} (You found it in a labyrinth)
 17763 | Lair:6   | sour: mhm
 17763 | Lair:6   | sour: will keep my current one
 17763 | Lair:6   | Pekkekk: game should be won becasue of that morningstar
 17763 | Lair:6   | sour: drain there
 17813 | Lair:6   | Received a gift from Trog
 17817 | Lair:6   | Pekkekk: +Inv is unbelievably good
 18163 | Lair:6   | Got a brightly glowing golden ring
 18165 | Lair:6   | Identified the ring "Daamie" {*Tele rN++} (You found it on level 6 of the Lair of Beasts)
 18342 | Lair:6   | Reached skill level 15 in Armour
 18392 | Lair:6   | Unholydonuts: true
 18454 | Lair:6   | Unholydonuts: botrh morning stars are enough to win
 18455 | Lair:6   | Identified a ring of ice (You found it on level 6 of the Lair of Beasts)
 18519 | Lair:6   | Found a viscous altar of Jiyva.
 18520 | Lair:6   | Unholydonuts: even on non mibes
 18520 | Lair:6   | Found a staircase to the Slime Pits.
 18523 | Lair:6   | sour: im just good
 18523 | Lair:6   | sour: that's what's up
 18580 | Lair:6   | sour: also, pray to beogh for shields in orcish mines
 18690 | Lair:6   | Pekkekk: !shrug
 18690 | Lair:6   | beem: ¯\_(ツ)_/¯
 18761 | Lair:6   | Pekkekk: you can win with that other morningstar and no shield
 18761 | Lair:6   | sour: dual wield?
 18761 | Lair:6   | Pekkekk: no i mean
 18780 | Lair:4   | Unholydonuts: yeah shield doesnt matter that much
 18780 | Lair:4   | Pekkekk: just wielding that other morningstar
 18930 | Orc:1    | Entered Level 1 of the Orcish Mines
 18931 | Orc:1    | sour: isn't this +10 one better?
 18931 | Orc:1    | Pekkekk: i don't think so
 18931 | Orc:1    | sour: what makes it so good?
 18931 | Orc:1    | Pekkekk: depends a bit in your evo though
 18931 | Orc:1    | Pekkekk: drain Inv and rC++
 18931 | Orc:1    | sour: yeah
 18931 | Orc:1    | Noticed Snorg
 18932 | Orc:1    | Pekkekk: oh
 18940 | Orc:1    | Killed Snorg
 18949 | Orc:1    | Pekkekk: poop evo
 19034 | Orc:1    | sour: o god this thing
 19064 | Orc:1    | sour: is this the entire level?
 19072 | Orc:1    | Pekkekk: no
 19072 | Orc:1    | sour: or hidden bits
 19072 | Orc:1    | Unholydonuts: no the rest is on other staircases
 19073 | Orc:2    | Entered Level 2 of the Orcish Mines
 19074 | Orc:2    | sour: yeah but
 19074 | Orc:2    | sour: shouldn't it say
 19074 | Orc:2    | sour: cannot reach some places
 19074 | Orc:2    | sour: when i got to this slime level
 19074 | Orc:2    | sour: that had similar layout
 19074 | Orc:2    | sour: that's what it said
 19081 | Orc:2    | Reached skill level 15 in Dodging
 19083 | Orc:2    | Pekkekk: that was because yoru character won't explore through slime
 19083 | Orc:2    | Pekkekk: unless you tell them to
 19099 | Orc:2    | Reached XP level 15. HP: 146/146 MP: 14/14
 19107 | Orc:2    | Pekkekk: you've fully explored all of orc:1 that you can see
 19271 | Orc:2    | Pekkekk: there's just more of it that's inaccessible from where you were
 19311 | Orc:2    | Found Vant's Antique Weapon Boutique.
 19318 | Orc:2    | Found a staircase to the Elven Halls.
 19327 | Orc:2    | Found Jahor's General Store.
 19339 | Orc:2    | Noticed an orc warlord
 19354 | Orc:2    | Killed an orc warlord
 19356 | Orc:2    | Identified a +0 troll leather armour
 19370 | Orc:2    | Pekkekk: RIP
 19370 | Orc:2    | HP: 36/146 [orc warrior/battleaxe[an orc warlord] (7)]
 19373 | Orc:2    | Reached skill level 17 in Fighting
 19549 | Orc:2    | Pekkekk: no RIP
 19684 | Orc:2    | Unholydonuts: almost rip
 19684 | Orc:2    | sour: sure sure
 19723 | Orc:2    | Pekkekk: it's unfair how forgiving MiBe is
 19723 | Orc:2    | sour: i am the master of such things
 19723 | Orc:2    | sour: no
 19733 | Orc:2    | Noticed Rupert
 19741 | Orc:2    | Unholydonuts: true
 19741 | Orc:2    | Torax: You have a halo
 19741 | Orc:2    | Unholydonuts: but still good for his first win.
 19741 | Orc:2    | Unholydonuts: even with mibe it will be tough for him
 19741 | Orc:2    | sour: wow dude
 19748 | Orc:2    | Pekkekk: oh i thought sour had wins
 19753 | Orc:2    | Unholydonuts: !won sour
 19754 | Orc:2    | Killed Rupert
 19758 | Orc:2    | beem: sour has not won in 396 games.
 20146 | Orc:2    | Found Jeadoc's Antique Armour Emporium.
 20469 | Orc:2    | Found Jozialog's Book Boutique.
 20469 | Orc:2    | Noticed an orc warlord
 20470 | Orc:2    | sour: dat orc
 20485 | Orc:2    | Killed an orc warlord
 20485 | Orc:2    | Reached skill level 16 in Armour
 20767 | Orc:2    | Pekkekk: there was a shield in one of those shops
 20835 | Orc:1    | Noticed Harold
 20841 | Orc:1    | Killed Harold
 21096 | Orc:1    | Noticed Erica
 21101 | Orc:1    | Killed Erica
 21156 | Orc:1    | sour: will search
 21281 | Orc:1    | sour: evocations
 21369 | Orc:2    | Bought a shield for 148 gold pieces
 21383 | Orc:2    | Identified a +0 shield (You bought it in a shop on level 2 of the Orcish Mines)
 21384 | Orc:2    | Bought a runed plate armour for 858 gold pieces
 21394 | Orc:2    | Identified a +0 plate armour of positive energy (You bought it in a shop on level 2 of the Orcish Mines)
 21460 | D:9      | Received a gift from Trog
 21617 | D:12     | Noticed Nessos
 21622 | D:12     | Reached skill level 1 in Evocations
 21644 | D:12     | Killed Nessos
 21644 | D:12     | Reached skill level 2 in Evocations
 21912 | D:12     | Identified a potion of berserk rage
 21939 | D:12     | Reached skill level 3 in Evocations
 21976 | D:12     | Unholydonuts: suck lack of tactics
 21981 | D:12     | Noticed Erolcha
 21988 | D:12     | Killed Erolcha
 21992 | D:12     | sour: tab is the best tactic
 21992 | D:12     | Pekkekk: nessos?
 22174 | D:12     | Pekkekk: lol crawl will punish you until you think otherwise
 22174 | D:12     | sour: dude
 22174 | D:12     | sour: !won .
 22174 | D:12     | beem: sour has not won in 396 games.
 22174 | D:12     | sour: i know.
 22234 | D:13     | Reached skill level 4 in Evocations
 22272 | D:13     | Pekkekk: well you haven't thought otherwise yet :P
 22276 | D:13     | Angani: Oh, you got eos
 22283 | D:13     | Angani: neat
 22312 | D:13     | Unholydonuts: im waiting for zot 5 tab ^^
 22347 | D:13     | Angani: heh
 22443 | D:13     | Reached skill level 5 in Evocations
 22511 | D:13     | Found a gate to the Vaults.
 22534 | D:13     | Reached skill level 6 in Evocations
 22545 | D:13     | Received a gift from Trog
 22574 | D:13     | Identified a +0 large shield (You took it off a vault guard on level 13 of the Dungeon)
 22643 | D:13     | Noticed Kirke
 22650 | D:13     | Reached skill level 1 in Shields
 22651 | D:13     | Noticed Maurice
 22652 | D:13     | Killed Kirke
 22652 | D:13     | Reached skill level 2 in Shields
 22658 | D:13     | Killed Maurice
 22745 | D:13     | Identified a potion of magic
 22822 | D:13     | Pekkekk: r , will read things off the ground
 22845 | D:13     | Pekkekk: can be handy for when you're at 52 items and ID is on the floor
 22845 | D:13     | sour: danke
 22881 | D:13     | Reached skill level 3 in Shields
 22902 | D:13     | Identified a potion of cancellation
 22976 | D:13     | Reached skill level 4 in Shields
 22999 | D:13     | sour: oh lol
 22999 | D:13     | sour: and i was wondering
 22999 | D:13     | sour: how does that even look like a yak
 23002 | D:13     | sour: eeeeehhhh
 23002 | D:13     | Gained mutation: You are frail. (-10% HP) [mutagenic meat]
 23003 | D:13     | Gained mutation: You expend magic power (3 MP) to strengthen your wands. [mutagenic meat]
 23004 | D:13     | Lost mutation: Your muscles are strong. (Str +2) [potion of mutation]
 23004 | D:13     | Lost mutation: You expend magic power (3 MP) to strengthen your wands. [potion of mutation]
 23004 | D:13     | Lost mutation: You are frail. (-10% HP) [potion of mutation]
 23004 | D:13     | Gained mutation: You are very agile. (Dex +4) [potion of mutation]
 23004 | D:13     | Gained mutation: You tend to lose your temper in combat. [potion of mutation]
 23004 | D:13     | Gained mutation: Your spells are a little harder to cast, but a little more powerful. [potion of mutation]
 23005 | D:13     | sour: eeeeehhhhhh
 23126 | D:13     | Unholydonuts: did you just mutation roulett?
 23185 | D:13     | Pekkekk: yes he did lol
 23345 | D:13     | Pekkekk: with +2 AC +2 Str +2 Dex as his previous muts
 23346 | D:13     | Unholydonuts: only good muts and then go mutation roulet ^^
 23406 | D:13     | Reached skill level 5 in Shields
 23411 | D:13     | Reached XP level 16. HP: 155/155 MP: 19/19
 23508 | D:14     | Found Neluper's Armour Shoppe.
 23591 | D:14     | Reached skill level 6 in Shields
 24261 | D:14     | sour: anyone heard of the spa programming language?
 24262 | D:15     | Entered Level 15 of the Dungeon
 24266 | D:15     | Reached skill level 7 in Shields
 24346 | D:15     | Reached skill level 8 in Shields
 24352 | D:15     | Received a gift from Trog
 24403 | D:15     | Gained mutation: Scrolls take you a little longer to read. [mutagenic meat]
 24404 | D:15     | Gained mutation: You are frail. (-10% HP) [mutagenic meat]
 24406 | D:15     | Lost mutation: You are frail. (-10% HP) [mutagenic meat]
 24407 | D:15     | Angani: used to program hot tubs
 24407 | D:15     | Angani: I mutation roulette too ^^
 24408 | D:15     | Gained mutation: You are resistant to hostile enchantments. (MR+) [mutagenic meat]
 24410 | D:15     | Lost mutation: You tend to lose your temper in combat. [mutagenic meat]
 24411 | D:15     | Gained mutation: Your muscles are strong. (Str +2) [mutagenic meat]
 24412 | D:15     | Angani: Always liked doing so
 24412 | D:15     | Unholydonuts: but you dont do it while having only positive mutations and at this stage of game XD
 24412 | D:15     | sour: you don't know us
 24412 | D:15     | Lost mutation: You are very agile. (Dex +4) [mutagenic meat]
 24413 | D:15     | Gained mutation: Your flesh is cold resistant. (rC+) [mutagenic meat]
 24414 | D:15     | Angani: Correct, donuts
 24414 | D:15     | sour: here
 24414 | D:15     | sour: is this better?
 24414 | D:15     | Angani: I have three good ones, and no bad ones
 24414 | D:15     | Angani: sorta
 24414 | D:15     | sour: could quaff
 24414 | D:15     | Angani: that scroll one is really bad
 24414 | D:15     | sour: a pot
 24414 | D:15     | Angani: imo
 24414 | D:15     | Unholydonuts: the scroll one is tough
 24414 | D:15     | sour: yeah i know
 24463 | D:15     | Reached skill level 9 in Shields
 24524 | D:15     | Reached skill level 10 in Shields
 24553 | D:15     | Pekkekk: wow you used tactics PogChamp
 24632 | D:15     | Unholydonuts: amazed
 24632 | D:15     | sour: wow
 24632 | D:15     | sour: you people
 24634 | D:15     | Identified 7 potions of brilliance
 24636 | D:15     | Identified a potion of resistance
 24660 | D:15     | Reached skill level 11 in Shields
 24689 | D:15     | Identified +0 acid dragon scales
 25004 | D:15     | Found a staircase to the Depths.
 25382 | Lair:1   | Received a gift from Trog
 25502 | D:14     | Bought a +1 plate armour of poison resistance for 416 gold pieces
 25706 | Swamp:1  | Entered Level 1 of the Swamp
 25726 | Swamp:1  | Reached skill level 12 in Shields
 25759 | Swamp:1  | Identified +0 swamp dragon scales
 25762 | Swamp:1  | Received a gift from Trog
 25764 | Swamp:1  | Angani: You drop the cursed -7 shield of Fashionability {rElec rF- Regen+ Int+10}
 25767 | Swamp:1  | Angani: I'm really sad about that -7
 25767 | Swamp:1  | Angani: on a caster
 25811 | Swamp:1  | Pekkekk: !shrug
 25811 | Swamp:1  | beem: ¯\_(ツ)_/¯
 25816 | Swamp:1  | Pekkekk: it should still be a net positive SH right?
 25912 | Swamp:1  | Unholydonuts: remember my shitty artifact shield ^^
 25935 | Swamp:1  | Unholydonuts: i think my gargoyle found that
 25955 | Swamp:1  | Unholydonuts: worst shield ever
 25982 | Swamp:1  | Noticed a thorn hunter
 25987 | Swamp:1  | Killed a thorn hunter
 26099 | Swamp:1  | Reached skill level 13 in Shields
 26219 | Swamp:2  | Noticed Donald
 26232 | Swamp:1  | Killed Donald
 26820 | Swamp:2  | Unholydonuts: whats the second branch?
 26948 | Swamp:2  | sour: spider
 26948 | Swamp:2  | sour: snake
 26948 | Swamp:2  | sour: nvm
 27040 | Swamp:3  | Reached skill level 14 in Shields
 27231 | Swamp:3  | Identified 3 potions of agility
 27284 | Swamp:3  | Reached XP level 17. HP: 161/161 MP: 20/20
 27439 | Swamp:3  | Received a gift from Trog
 27642 | Swamp:3  | Unholydonuts: did he just tab that giant slime ^^
 27642 | Swamp:3  | sour: yes
 27642 | Swamp:3  | Unholydonuts: that could have twoshot you
 27642 | Swamp:3  | sour: no
 27642 | Swamp:3  | Unholydonuts: ?? titan slime
 27642 | Swamp:3  | beem: titan slime ~ titanic slime ~ titanic slime creature[1/1]: Deal up to 110 damage a swing in melee. You will die.
 27642 | Swamp:3  | sour: not today i guess
 27642 | Swamp:3  | Angani: yeah
 27642 | Swamp:3  | sour: should i enchant armour
 27642 | Swamp:3  | sour: yeah i should
 27644 | Swamp:3  | Angani: boots
 27644 | Swamp:3  | Angani: and cloak
 27672 | Swamp:3  | sour: y
 27714 | Swamp:3  | Reached skill level 15 in Shields
 28019 | Swamp:4  | Entered Level 4 of the Swamp
 28207 | Swamp:4  | Noticed Roxanne
 28249 | Swamp:4  | Paralysed by a hornet for 2 turns
 28596 | Swamp:4  | Identified +0 swamp dragon scales
 28605 | Swamp:4  | Reached skill level 16 in Shields
 28660 | Swamp:4  | Received a gift from Trog
 28685 | Swamp:4  | Identified +0 swamp dragon scales
 28878 | Swamp:4  | Got a decaying rune of Zot
 28910 | Swamp:4  | sour: this is so tedious
 28912 | Swamp:4  | Pekkekk: no way
 28912 | Swamp:4  | Unholydonuts: you are stikll o tabbing and its tedious?
 28913 | Swamp:4  | Pekkekk: deciding what the 53rd least useful item is in a stack of 53 items is an exciting and compelling gameplay mechanic
 28913 | Swamp:4  | sour: yes
 28913 | Swamp:4  | sour: very yes
 28943 | Swamp:4  | Reached skill level 17 in Shields
 28951 | Swamp:4  | Identified 5 potions of flight
 29287 | Swamp:4  | Killed Roxanne
 29288 | Swamp:4  | Identified Roxanne's Guide on the Mountains (You took it off Roxanne on level 4 of the Swamp)
 29460 | Snake:1  | Entered Level 1 of the Snake Pit
 29476 | Snake:1  | Identified a ring of strength (You found it on level 1 of the Snake Pit)
 29646 | Snake:1  | Identified a scroll of brand weapon
 30025 | Snake:1  | Reached ****** piety under Trog
 30025 | Snake:1  | Received a gift from Trog
 30046 | Snake:1  | Reached skill level 18 in Shields
 30149 | Snake:1  | Found a white marble altar of Elyvilon.
 30193 | Snake:1  | sour: what's the harder part of snake pit
 30193 | Snake:1  | sour: i never really did it
 30194 | Snake:1  | Noticed Josephine
 30214 | Snake:1  | Killed Josephine
 30472 | Snake:1  | Pekkekk: not sure i understand your question
 30496 | Snake:1  | Unholydonuts: snake pit is easy
 30496 | Snake:1  | sour: what's tough in this branch
 30531 | Snake:2  | Unholydonuts: shouls is the hard one
 30563 | Snake:2  | Pekkekk: guardian serpents and nagaraja
 30770 | Snake:2  | Pekkekk: and vashnai
 30782 | Snake:2  | Pekkekk: vashnia will fuck you up
 30825 | Snake:2  | sour: ??vashnia
 30937 | Snake:2  | beem: vashnia[1/1]: She patrols Snake with her elite squad of naga sharpshooters. She will readily blink you, herself, and her band around. She also has a Shroud of Golubria, and maintains master archer/portal projectile from her naga sharpshooter upbringing but with more HD for more pain. Don't forget that you can walk away from her and her band, since she has naga speed!
 31348 | Snake:2  | Pekkekk: shock serpents are also quite deadly but they're mitigated by relec
 31348 | Snake:2  | sour: talk about forgiving, eh
 31816 | Snake:3  | Reached skill level 19 in Shields
 32061 | Snake:3  | Received a gift from Trog
 32065 | Snake:3  | Pekkekk: yes, MiBe are quite forgiving
 32065 | Snake:3  | Unholydonuts: yep
 32096 | Snake:3  | Got a steaming quarterstaff {god gift}
 32129 | Snake:3  | Reached XP level 18. HP: 169/170 MP: 21/21
 32516 | Snake:3  | Identified the +6 quarterstaff "Zittemat" {crush, rElec rPois MR-} (Trog gifted it to you on level 3 of the Snake Pit)
 32755 | Snake:4  | Entered Level 4 of the Snake Pit
 32770 | Snake:4  | Pekkekk: salamandar mystics are also nontrivial but they're not particularly dangerous
 32820 | Snake:4  | sour: watch me hold down the up arrow key
 32855 | Snake:4  | Pekkekk: i'm just waiting for you to die lol
 32907 | Snake:4  | Reached skill level 20 in Shields
 32911 | Snake:4  | Unholydonuts: XD
 33020 | Snake:4  | sour: dick
 33048 | Snake:4  | Pekkekk: "watch me hold down the up arrow key"
 33144 | Snake:4  | Pekkekk: what do you expect?
 33177 | Snake:4  | Pekkekk: !shrug
 33182 | Snake:4  | beem: ¯\_(ツ)_/¯
 33260 | Snake:4  | Unholydonuts: well regarding the way you play you should have been dead 3 times allready, you just got lucky
 33281 | Snake:4  | Unholydonuts: yoiu should rethink the way you play
 33457 | Snake:3  | sour: no, you
 33625 | Snake:4  | Unholydonuts: i should rethink the way you play?
 33627 | Snake:4  | Received a gift from Trog
 33637 | Snake:4  | sour: yes
 33677 | Snake:4  | Angani: Heh
 33696 | Snake:4  | Unholydonuts: i did ^^
 33796 | Snake:4  | Unholydonuts: thats why i told you XD
 33877 | Snake:4  | Angani: You can do it sour
 33881 | Snake:4  | Noticed Vashnia
 33881 | Snake:4  | Angani: I believe
 33903 | Snake:4  | Killed Vashnia
 33904 | Snake:4  | sour: nice snek dude
 33909 | Snake:4  | Reached skill level 21 in Shields
 34482 | Snake:4  | sour: are there usually this many fucking snakes
 34673 | Snake:4  | Unholydonuts: thje are is called snKE PIT ^^
 34908 | Snake:4  | Reached skill level 22 in Shields
 34908 | Snake:4  | Unholydonuts: area
 35075 | Snake:4  | Got a serpentine rune of Zot
 35298 | Snake:4  | Angani: yes
 35323 | Snake:4  | Angani: always
 35330 | Snake:4  | Unholydonuts: wait untill you see fun places like zot or vault 5
 35360 | Snake:4  | Angani: or tomb
 35360 | Snake:4  | Angani: get the rune though?
 35360 | Snake:4  | sour: get what rune
 35360 | Snake:4  | Unholydonuts: i imagin sour on orb run tabbing pan lords
 35360 | Snake:4  | Angani: nice
 35360 | Snake:4  | Angani: 2 is good ^^
 35551 | D:9      | Received a gift from Trog
 35594 | Elf:1    | Entered Level 1 of the Elven Halls
 35724 | Elf:1    | Reached XP level 19. HP: 177/177 MP: 22/22
 35982 | Elf:1    | You fall through a shaft!
 35997 | Elf:2    | Reached skill level 23 in Shields
 36033 | Elf:2    | Found a runed gate.
 36033 | Elf:2    | Found a runed gate.
 36033 | Elf:2    | Found a runed gate.
 36622 | Elf:1    | sour: what would you say is good evo for the inv ?
 36648 | Elf:1    | Pekkekk: 25%? just depends on what you can spare
 36704 | Elf:1    | sour: yeah but
 36704 | Elf:1    | sour: i can't really test it
 36704 | Elf:1    | sour: it's got drain
 36753 | Elf:1    | Pekkekk: it's got drain
 36754 | Elf:1    | Noticed a deep elf demonologist
 36754 | Elf:1    | Pekkekk: not *drain*
 36755 | Elf:1    | Noticed a deep elf demonologist
 36755 | Elf:1    | Pekkekk: err
 36756 | Elf:1    | Received a gift from Trog
 36759 | Elf:1    | Pekkekk: *drain
 36768 | Elf:1    | Angani: this
 36781 | Elf:1    | Killed a deep elf demonologist
 36786 | Elf:1    | Angani: is a bad E 1
 36787 | Elf:1    | Pekkekk: you're going to die here lol
 36797 | Elf:1    | Killed a deep elf demonologist
 36825 | Elf:1    | Angani: leave?
 36830 | Elf:1    | Unholydonuts: with his amount of luck hes even gonna make it
 36873 | Elf:1    | Angani: well then
 37016 | Elf:1    | Unholydonuts: constantly tabbing
 37016 | Elf:1    | Pekkekk: his physical defenses will keep him tanking through most things
 37117 | Elf:1    | Pekkekk: sour you can test the +Inv at any time
 37117 | Elf:1    | Pekkekk: just wield the other mace and check its fail%
 37117 | Elf:1    | sour: sorry, what?
 37117 | Elf:1    | Pekkekk: wield the other morningstar then press a
 37117 | Elf:1    | Angani: ^
 37117 | Elf:1    | Pekkekk: and you'll see the +Inv fail%
 37117 | Elf:1    | sour: it's got drain
 37117 | Elf:1    | Pekkekk: yes
 37117 | Elf:1    | Pekkekk: it's got drain
 37117 | Elf:1    | Angani: that's the brand
 37117 | Elf:1    | Pekkekk: not *drain
 37117 | Elf:1    | Angani: ^
 37117 | Elf:1    | sour: oooooooooooooooooo
 37118 | Elf:1    | Angani: OOOOO
 37118 | Elf:1    | Unholydonuts: 000000ooo0000
 37118 | Elf:1    | sour: 43%
 37118 | Elf:1    | Pekkekk: !shrug
 37118 | Elf:1    | beem: ¯\_(ツ)_/¯
 37118 | Elf:1    | sour: halo is good
 37118 | Elf:1    | Pekkekk: thing with invis is that you only need it to trigger once and then you're invis for many turns
 37149 | Elf:1    | Pekkekk: halo is irrelevant
 37294 | Elf:2    | Pekkekk: so is +Inv though in elf
 37336 | Elf:2    | Unholydonuts: i bet either torment, oof or abyss will get him
 37336 | Elf:2    | Pekkekk: nah.. he'll get swarmed by a boggart pack in depths]
 37336 | Elf:2    | Pekkekk: and hold tab
 37336 | Elf:2    | Pekkekk: killing the summons
 37336 | Elf:2    | Pekkekk: dying slowly
 37336 | Elf:2    | sour: or ill just ctrl+q myself because of constant chat moaning
 37336 | Elf:2    | Unholydonuts: mooooannns
 37336 | Elf:2    | Pekkekk: you can ctrl q if you want
 37336 | Elf:2    | Pekkekk: we're not the winless ones
 37336 | Elf:2    | Unholydonuts: true
 37336 | Elf:2    | Pekkekk: but you're doing well enough so far
 37336 | Elf:2    | Pekkekk: keep going
 37336 | Elf:2    | Unholydonuts: yeah you have a realistic chance of beating it
 37336 | Elf:2    | Angani: blades shouldn't be too bad
 37336 | Elf:2    | Angani: don't even think about 3 though
 37336 | Elf:2    | Pekkekk: i would just ignore blades myself
 37336 | Elf:2    | Angani: for now
 37336 | Elf:2    | Angani: yeah
 37336 | Elf:2    | Angani: he's set on weapons
 37336 | Elf:2    | Pekkekk: yep
 37336 | Elf:2    | Unholydonuts: he was set on weapons sionce minotaur
 37336 | Elf:2    | Unholydonuts: fucking eos ^^
 37394 | Elf:2    | Reached skill level 24 in Shields
 37460 | Elf:2    | Received a gift from Trog
 37962 | Elf:2    | sour: one of the least busy E:2
 38057 | Elf:3    | Entered Level 3 of the Elven Halls
 38077 | Elf:3    | Unholydonuts: yep not even a distortion weapon
 38123 | Elf:3    | Found Innumnez's Book Boutique.
 38131 | Elf:3    | Pekkekk: lul
 38131 | Elf:3    | sour: hmhmhmhmhmmhmh
 38131 | Elf:3    | Unholydonuts: double lul
 38131 | Elf:3    | sour: ??eveningstar
 38131 | Elf:3    | beem: eveningstar[1/1]: (maces & flails; -1 acc / 15 dam / 1.5 base delay / 0.7 min delay). The opposite of a morningstar. The highest base damage weapon in the game that you can wield with a shield (unless you are playing Fo).
 38131 | Elf:3    | Pekkekk: there's no reason to buy either of those
 38131 | Elf:3    | sour: ye
 38284 | Elf:3    | Noticed a deep elf sorcerer
 38298 | Elf:3    | Noticed a deep elf sorcerer
 38307 | Elf:3    | Killed a deep elf sorcerer
 38313 | Elf:3    | Killed a deep elf sorcerer
 38563 | Elf:3    | Noticed a deep elf sorcerer
 38574 | Elf:3    | Killed a deep elf sorcerer
 38780 | Elf:2    | sour: shit's tough
 38780 | Elf:2    | Pekkekk: i think my depths boggart prediction was wrong
 38780 | Elf:2    | sour: sorcerers deal fire and cold?
 38780 | Elf:2    | Pekkekk: i think he's gonna splat here
 38780 | Elf:2    | Pekkekk: yes
 38796 | Elf:3    | Pekkekk: @??deep elf sorceror
 38802 | Elf:3    | Unholydonuts: nah too much luck
 38838 | Elf:3    | Pekkekk: @??deep elf sorcerer
 38838 | Elf:3    | Unholydonuts: i think either vault 5 or zot
 38840 | Elf:3    | Reached skill level 25 in Shields
 38841 | Elf:3    | Pekkekk: ??deep elf sorcerer
 38841 | Elf:3    | beem: deep elf sorcerer[1/1]: Spells: Bolt of draining, banishment, haste, summon demon, hellfire, and teleport
 38841 | Elf:3    | Pekkekk: %??deep elf sorcerer
 38841 | Elf:3    | beem: deep elf sorcerer (e)
                  | Spd:
    10 | HD: 14   | HP: 54-75
                  | AC/EV: 1/12
                  | Dam: 12
                  | natural, weapons, items, doors, evil, spellcaster, see invisible
                  | Res: magic(120)
                  | XP: 1726
                  | Sp: b.corrosive (3d18), banishment, haste, hurl damnation (3d20)
                  | Sz: Medium
                  | Int: human.
 38874 | Elf:3    | Noticed a deep elf demonologist
 38888 | Elf:3    | Pekkekk: oh, no elementalists do fire and cold
 38889 | Elf:3    | Noticed a Brimstone Fiend
 38897 | Elf:3    | Pekkekk: sorcerers have hellfire
 39054 | Elf:3    | Killed a deep elf demonologist
 39150 | Elf:3    | Noticed a deep elf demonologist
 39161 | Elf:3    | Killed a deep elf demonologist
 39272 | Elf:3    | Noticed a deep elf sorcerer
 39286 | Elf:3    | Killed a deep elf sorcerer
 39286 | Elf:3    | Received a gift from Trog
 39292 | Elf:3    | Identified an amulet of the gourmand (You took it off a deep elf demonologist on level 3 of the Elven Halls)
 39297 | Elf:3    | Got a faintly glowing mace {god gift}
 39301 | Elf:3    | Identified the +11 mace "Zonn" {venom, rF+ Str+6 Dex-3} (Trog gifted it to you on level 3 of the Elven Halls)
 39301 | Elf:3    | sour: uu
 39301 | Elf:3    | sour: eh
 39341 | Elf:3    | Reached skill level 16 in Dodging
 39422 | Elf:3    | Reached XP level 20. HP: 163/184 MP: 23/23
 39481 | Elf:3    | Got ancient storm dragon scales
 39481 | Elf:3    | Got a wavering zirconium amulet
 39603 | Elf:3    | sour: that armour
 39637 | Elf:2    | Identified the +7 storm dragon scales of Ashruzxauc {rElec rF+ Regen+} (You took it off a deep elf master archer on level 3 of the Elven Halls)
 39637 | Elf:2    | Pekkekk: mmhmm
 39640 | Elf:3    | Pekkekk: you should stop using eos
 39640 | Elf:3    | Pekkekk: you don't need relec
 39640 | Elf:3    | sour: yeah
 39640 | Elf:3    | Pekkekk: it's just a +10 elec morningstar
 39641 | Elf:3    | sour: with a halo
 39641 | Elf:3    | Pekkekk: halo is so low value
 39641 | Elf:3    | Pekkekk: halo is basically SInv
 39660 | Elf:3    | Got a smoking iron ring
 39663 | Elf:3    | Identified the ring of Utye {rElec rN++ MR+ Dex-3 SInv} (You took it off a deep elf blademaster on level 3 of the Elven Halls)
 39664 | Elf:3    | sour: weee
 39994 | Elf:3    | Got a translucent long sword {holy}
 40019 | Elf:3    | Reached skill level 17 in Armour
 40092 | Elf:3    | Angani: doing 3?
 40093 | Elf:3    | sour: idk
 40228 | Elf:3    | sour: this is laggy
 40351 | Elf:3    | Received a gift from Trog
 40352 | Elf:3    | Pekkekk: Trog is delighted!
 40352 | Elf:3    | Angani: burned
 40356 | Elf:3    | Angani: three boxes of beasts tho
 40358 | Elf:3    | Pekkekk: right
 40358 | Elf:3    | Angani: that's really nice
 40358 | Elf:3    | sour: trog doesn't burn manuals, does he
 40359 | Elf:3    | Pekkekk: no
 40361 | Elf:3    | sour: thank god
 40392 | Elf:3    | Identified a ring of wizardry (You took it off a deep elf blademaster on level 3 of the Elven Halls)
 40814 | Vaults:1 | Entered Level 1 of the Vaults
 40815 | Vaults:1 | sour: ??order
 40815 | Vaults:1 | beem: hyperelliptic[1/1]: Lair -> D:12 -> Orc -> D:15 -> S:3 -> maybe other S:3 -> maybe Elf:1-2 -> get one S rune -> Vaults:4 -> get second S rune -> maybe Crypt -> Depths:5 -> get three runes -> Zot
 41327 | Vaults:1 | Reached skill level 17 in Dodging
 41369 | Vaults:1 | Identified Ucwumuus's Wizardry Continued
 41444 | Vaults:1 | Received a gift from Trog
 41644 | Vaults:1 | Reached skill level 18 in Armour
 41721 | Vaults:1 | Reached skill level 18 in Fighting
 41731 | Vaults:1 | Identified a +0 troll leather armour
 41872 | Vaults:1 | Noticed Asterion
 41884 | Vaults:1 | Killed Asterion
 42219 | Vaults:1 | Identified the amulet of Yfaz Zenk {+Blink rC- MR+++ Regen+ Str-3} (You took it off a deep elf master archer on level 3 of the Elven Halls)
 42220 | Vaults:1 | sour: what you say about that amulet
 42498 | Vaults:1 | Received a gift from Trog
 42519 | Vaults:1 | Pekkekk: what was it?
 42519 | Vaults:1 | Angani: wow
 42519 | Vaults:1 | Pekkekk: pretty good
 42519 | Vaults:1 | Angani: MR+++ and Regen and Blink
 42519 | Vaults:1 | Pekkekk: anything after the regen?
 42519 | Vaults:1 | sour: after the regen?
 42519 | Vaults:1 | sour: what do you mean
 42524 | Vaults:1 | Pekkekk: the text box cut it off
 42526 | Vaults:1 | Pekkekk: like there could be more attributes
 42526 | Vaults:1 | sour: str-3
 42526 | Vaults:1 | Pekkekk: meh
 42526 | Vaults:1 | Angani: ah
 42526 | Vaults:1 | Pekkekk: in general it's a really good amulet
 42526 | Vaults:1 | Angani: yeah
 42527 | Vaults:1 | Pekkekk: MR+++ is a little overkill, especially for trog
 42566 | Vaults:1 | Found Poizxec's Book Boutique.
 42567 | Vaults:1 | Pekkekk: so is regen
 42572 | Vaults:1 | Pekkekk: it's still a good amulet, but this is exactly the kind of character that benefits least from it
 42572 | Vaults:1 | sour: it's 1 above
 42732 | Vaults:1 | Reached XP level 21. HP: 190/193 MP: 24/24
 42737 | Vaults:1 | Pekkekk: blink is the best part far and away
 43185 | Vaults:2 | Identified a +0 troll leather armour
 43188 | Vaults:2 | Noticed Saint Roka
 43200 | Vaults:2 | Killed Saint Roka
 43202 | Vaults:2 | Angani: yeah
 43323 | Vaults:2 | Reached skill level 18 in Dodging
 43455 | Vaults:2 | Reached skill level 19 in Armour
 43467 | Vaults:2 | Received a gift from Trog
 43490 | Vaults:2 | HP: 48/194 [flayed ghost/flay_damage (23)]
 43523 | Vaults:2 | Pekkekk: you should be going invis way more often than you are- which is basically never
 43537 | Vaults:1 | Angani: heh
 43556 | Vaults:1 | Identified a +0 large shield of cold resistance (You took it off a vault guard on level 1 of the Vaults)
 43639 | Vaults:2 | Reached skill level 7 in Evocations
 43841 | Vaults:2 | Reached skill level 8 in Evocations
 44094 | Vaults:2 | Identified +0 ice dragon scales
 44178 | Vaults:2 | Received a gift from Trog
 44178 | Vaults:2 | Reached skill level 9 in Evocations
 44815 | Vaults:2 | Reached skill level 10 in Evocations
 45215 | Vaults:3 | Noticed Bai Suzhen
 45216 | Vaults:3 | Pekkekk: bye susan
 45216 | Vaults:3 | sour: yus
 45234 | Vaults:3 | Killed Bai Suzhen
 45234 | Vaults:3 | Identified +3 storm dragon scales {Bai Suzhen}
 45278 | Vaults:3 | Received a gift from Trog
 45656 | Vaults:3 | Reached skill level 11 in Evocations
 45899 | Vaults:3 | Angani: I like your autoexplore, actually
 45970 | Vaults:3 | sour: the way it slowly moves?
 46012 | Vaults:3 | Found Ziez's Gadget Boutique.
 46029 | Vaults:3 | Identified +0 fire dragon scales
 46304 | Vaults:3 | Angani: yeah
 46372 | Vaults:3 | Found a staircase to the Crypt.
 46373 | Vaults:3 | Angani: I played offline only when I was younger
 46387 | Vaults:3 | Angani: so I was kinda used to that
 46428 | Vaults:3 | Angani: and online was weird
 46507 | Vaults:4 | Reached skill level 12 in Evocations
 46562 | Vaults:4 | Reached XP level 22. HP: 195/202 MP: 30/30
 46597 | Vaults:4 | Noticed Jorgrun
 46602 | Vaults:4 | Killed Jorgrun
 46610 | Vaults:4 | Angani: using evocations
 46612 | Vaults:4 | Angani: good
 46617 | Vaults:4 | Received a gift from Trog
 46630 | Vaults:4 | sour: yes yes
 46630 | Vaults:4 | sour: phial of floods is the anti-jorgun device
 46936 | Vaults:4 | Reached skill level 19 in Fighting
 46953 | Vaults:4 | Identified the amulet of the Suns {rPois rC- Regen+ Dex+3} (You took it off an ogre mage on level 4 of the Vaults)
 47145 | Vaults:4 | Identified a +0 troll leather armour
 47325 | Vaults:4 | Noticed Jory
 47331 | Vaults:4 | Noticed a deep elf sorcerer
 47339 | Vaults:4 | Killed Jory
 47353 | Vaults:4 | Killed a deep elf sorcerer
 47464 | Vaults:4 | Reached skill level 20 in Fighting
 47572 | Vaults:4 | Received a gift from Trog
 48166 | Depths:1 | Entered Level 1 of the Depths
 48166 | Depths:1 | Noticed morbho's ghost (adept SpEn)
 48181 | Depths:1 | Killed morbho's ghost
 48324 | Depths:1 | Found a gateway to Hell.
 48395 | Depths:1 | Reached skill level 21 in Fighting
 48431 | Depths:1 | Found a one-way gate leading to the halls of Pandemonium.
 48503 | Depths:1 | Identified a +0 troll leather armour
 48691 | Depths:1 | Received a gift from Trog
 48707 | Depths:1 | Got an ancient great mace {god gift}
 48886 | Depths:1 | Identified +0 ice dragon scales
 49034 | Depths:1 | Identified a scroll of acquirement
 49183 | Depths:1 | Identified a scarf of spirit shield (You acquired it on level 1 of the Depths)
 49596 | Depths:1 | Identified the +6 great mace of the Foremost Wonders {drain, +Blink +Rage rN+ MR-} (Trog gifted it to you on level 1 of the Depths)
 49847 | Depths:2 | Reached skill level 22 in Fighting
 49979 | Depths:2 | Reached XP level 23. HP: 223/223 MP: 28/31
 49984 | Depths:2 | Noticed a lich
 50007 | Depths:2 | Killed a lich
 50022 | Depths:2 | Received a gift from Trog
 50042 | Depths:2 | Identified a +0 troll leather armour
 50051 | Depths:2 | Reached skill level 23 in Fighting
 50260 | Depths:2 | Identified a +0 troll leather armour
 50270 | Depths:2 | Identified a +0 troll leather armour
 50278 | Depths:2 | Identified a +0 troll leather armour
 50318 | Depths:2 | Got a wavering marble ring
 50320 | Depths:2 | Identified the ring "Gonicvit" {rF+ Dex+2 Slay+5} (You found it on level 2 of the Depths)
 50321 | Depths:2 | sour: this is the better ring, right?
 50321 | Depths:2 | sour: compared to Gonicvit
 50321 | Depths:2 | sour: Z - K
 50382 | Depths:2 | Identified a +0 troll leather armour
 50391 | Depths:2 | Identified a +0 troll leather armour
 50615 | Depths:2 | Found Ymyptan's Assorted Antiques.
 50623 | Depths:2 | Bought a scroll labeled MONUSEBBID for 43 gold pieces
 50652 | Depths:2 | Identified a +0 troll leather armour
 50655 | Depths:2 | Identified a +0 troll leather armour
 50659 | Depths:2 | Identified a +0 troll leather armour
 50953 | Depths:2 | Noticed a lich
 50960 | Depths:2 | Killed a lich
 50960 | Depths:2 | Reached skill level 24 in Fighting
 51221 | Depths:3 | Identified a +0 troll leather armour
 51233 | Depths:3 | Received a gift from Trog
 51249 | Depths:2 | Identified a +0 troll leather armour
 51435 | Depths:3 | Found Qubbox's Antique Weapon Boutique.
 51458 | Depths:3 | Found a one-way gate to the infinite horrors of the Abyss.
 51462 | Depths:3 | Noticed Frederick
 51583 | Depths:3 | Killed Frederick
 51880 | Depths:3 | Found a portal to a secret trove of treasure.
 52243 | Elf:3    | Bought a manual of Maces & Flails for 1214 gold pieces
 52539 | Depths:3 | You paid a toll of a manual of Maces & Flails to enter a treasure trove
 52540 | Trove    | Entered a treasure trove
 52559 | Trove    | Got a sparkling diamond amulet
 52562 | Trove    | Got a pitted graven amulet
 52584 | Trove    | Identified the amulet of Finality {Inacc rF- MR+ Stlth+} (You found it in a treasure trove)
 52594 | Trove    | Identified a potion of experience
 52612 | Trove    | Angani: a trove
 52615 | Trove    | Angani: how was it?
 52615 | Trove    | sour: manual of maces and flails
 52615 | Trove    | sour: just got in
 52615 | Trove    | Angani: wow
 52615 | Trove    | sour: and that manual was at the shop
 52615 | Trove    | sour: 1.2k gold
 52647 | Trove    | Angani: anything else good?
 52657 | Trove    | sour: not much, really
 52657 | Trove    | sour: just that amulet
 52657 | Trove    | sour: and that's uncertain
 52657 | Trove    | Angani: what was the cost of entry?
 52657 | Trove    | sour: 1.2k gold
 52657 | Trove    | sour: i bought a manual
 52657 | Trove    | Angani: ohh
 52718 | Depths:3 | Angani: I probably would've used the manual
 52720 | Depths:3 | Angani: it's for your weapon, after all
 52720 | Depths:3 | sour: it was maces and flails
 52720 | Depths:3 | sour: and there were 2 on sale
 52720 | Depths:3 | sour: o wow, no min delay
 52720 | Depths:3 | Angani: fair enough
 52737 | Depths:3 | Noticed a lich
 52750 | Depths:3 | Killed a lich
 52798 | Depths:3 | Identified +0 ice dragon scales
 52947 | Depths:3 | Noticed an ancient lich
 52967 | Depths:3 | Killed an ancient lich
 52974 | Depths:3 | Reached skill level 15 in Maces & Flails
 53001 | Depths:3 | sour: o lol this whip
 53001 | Depths:3 | sour: ??snakebite
 53001 | Depths:3 | beem: snakebite[1/1]: A +8 whip of venom with poison resistance. Applies curare on 40% of hits in addition to venom brand.
 53001 | Depths:3 | Angani: good whip early on
 53002 | Depths:3 | Angani: now, probably less so
 53002 | Depths:3 | sour: well, yes
 53290 | Depths:4 | Found Suan's Jewellery Shop.
 53290 | Depths:4 | Found Ymeokum's Gadget Emporium.
 53291 | Depths:4 | Found Yhuseplyunu's Jewellery Shop.
 53315 | Depths:4 | Angani: lost my caster to the shoals
 53316 | Depths:4 | Angani: >_>
 53327 | Depths:4 | sour: :/
 53327 | Depths:4 | sour: 28 dmg javelin
 53327 | Depths:4 | sour: wow
 53331 | Depths:4 | Unholydonuts: shouls is still hardest
 53370 | Depths:4 | Reached skill level 16 in Maces & Flails
 53373 | Depths:4 | Reached XP level 24. HP: 177/239 MP: 24/31
 53404 | Depths:4 | Noticed a juggernaut
 53408 | Depths:4 | Angani: forgot javelins were a thing
 53412 | Depths:4 | Killed a juggernaut
 53416 | Depths:4 | Angani: for a critical moment
 53458 | Depths:4 | Noticed a lich
 53476 | Depths:4 | Reached skill level 25 in Fighting
 53479 | Depths:4 | Killed a lich
 53617 | Depths:4 | Noticed a deep elf demonologist
 53620 | Depths:4 | Killed a deep elf demonologist
 53649 | Depths:4 | sour: is depths 5 scary
 53715 | Depths:4 | Angani: I personally think Elf 3 is scaryier
 53764 | Depths:4 | Noticed a juggernaut
 53777 | Depths:4 | Killed a juggernaut
 53803 | Depths:4 | Identified the amulet "Pacsos" {Reflect *Slow rPois MR- SH+4 SInv} (You found it in a treasure trove)
 53806 | Depths:4 | sour: eh
 53806 | Depths:4 | sour: this is a weird amulet
 53809 | Depths:4 | Angani: it has a nice name
 53812 | Depths:4 | sour: heh
 53817 | Depths:4 | Pekkekk: it's an interesting amulet certainly
 53817 | Depths:4 | Got a translucent crystal amulet
 53830 | Depths:4 | sour: it's both garbage and pretty good
 53872 | Depths:4 | Found a gateway to a ziggurat.
 53880 | Depths:4 | Noticed a juggernaut
 53882 | Depths:4 | Pekkekk: as are most things in crawl
 53892 | Depths:4 | Killed a juggernaut
 53971 | Depths:4 | Identified quicksilver dragon scales
 53971 | Depths:4 | Reached skill level 26 in Fighting
 53975 | Depths:4 | Identified a +0 troll leather armour
 54047 | Depths:4 | Received a gift from Trog
 54297 | Depths:4 | Noticed the Enchantress
 54306 | Depths:4 | Killed the Enchantress
 54370 | Depths:4 | Got faerie dragon scales
 54415 | Depths:4 | Identified the +1 faerie dragon scales {rF- rCorr Str+4 Int+2} (You took it off the Enchantress on level 4 of the Depths)
 54440 | Depths:5 | Entered Level 5 of the Depths
 54446 | Depths:5 | sour: kek
 54446 | Depths:5 | Angani: manual of armor
 54446 | Depths:5 | Angani: nice
 54591 | Depths:5 | Found a gate to the Realm of Zot.
 54593 | Depths:5 | Noticed a lich
 54600 | Depths:5 | Identified +0 fire dragon scales
 54600 | Depths:5 | Reached skill level 20 in Armour
 54612 | Depths:5 | Killed a lich
 54708 | Depths:5 | Identified +0 ice dragon scales
 54778 | Depths:5 | Reached skill level 21 in Armour
 54814 | Depths:5 | Identified a +0 troll leather armour
 55094 | Depths:5 | Found Plog's Blood Bar.
 55163 | Depths:5 | Reached skill level 22 in Armour
 55209 | Depths:5 | Got a thick robe
 55244 | Depths:5 | Received a gift from Trog
 55343 | Depths:5 | Identified a +0 troll leather armour
 55463 | Depths:5 | sour: ??order
 55463 | Depths:5 | beem: hyperelliptic[1/1]: Lair -> D:12 -> Orc -> D:15 -> S:3 -> maybe other S:3 -> maybe Elf:1-2 -> get one S rune -> Vaults:4 -> get second S rune -> maybe Crypt -> Depths:5 -> get three runes -> Zot
 55463 | Depths:5 | sour: crypt before depths 5?
 55737 | Crypt:1  | Entered Level 1 of the Crypt
 55812 | Crypt:1  | Found a basalt altar of Yredelemnul.
 56113 | Crypt:1  | Reached skill level 23 in Armour
 56680 | Crypt:2  | Identified the amulet of Vaukleh {RegenMP rElec rPois rC-} (You took it off a fire giant on level 4 of the Depths)
 56727 | Crypt:2  | Noticed Mara
 56734 | Crypt:2  | Noticed sour's illusion
 56752 | Crypt:2  | Killed Mara
 56752 | Crypt:2  | Reached XP level 25. HP: 197/254 MP: 24/31
 57178 | Crypt:2  | Received a gift from Trog
 57227 | Crypt:2  | Reached skill level 27 in Fighting
 57662 | Crypt:3  | Entered Level 3 of the Crypt
 57663 | Crypt:3  | sour: ??crypt
 57663 | Crypt:3  | beem: crypt[1/1]: Accessed from the Vaults somewhere on level 2 or 3. Three levels deep. DracoOmega gave it a revamp involving ancient champions, eidolons, lost souls, phantasmal warriors, and revenants, reducing zombie and skeletal warrior fatigue in the process.
 57788 | Crypt:3  | Found a magical portal.
 57797 | WizLab   | Entered Wucad Mu's Monastery
 58340 | WizLab   | sour: manual of fighting, eh
 58340 | WizLab   | sour: obsolete
 58650 | Crypt:3  | Got a crystal hand crossbow
 58724 | Crypt:3  | Reached skill level 19 in Dodging
 58896 | Crypt:3  | Received a gift from Trog
 58924 | Crypt:3  | Noticed a greater mummy
 58941 | Crypt:3  | Killed a greater mummy
 58946 | Crypt:3  | HP: 79/373 [guardian mummy's death curse (26)]
 58951 | Crypt:3  | HP: 50/249 [poisoned by an ushabti (dark miasma)]
 58958 | Crypt:3  | HP: 55/257 [mummy priest/divine providence (11)]
 58959 | Crypt:3  | Angani: that's bad
 59088 | Crypt:3  | Got a dazzling double sword {slice}
 59220 | Crypt:3  | Got a steaming amber ring
 59224 | Crypt:3  | Got a pitted marble ring
 59260 | Crypt:3  | Got a heavily runed lapis lazuli ring
 59263 | Crypt:3  | Identified the ring of the Modern Lovers {rC- rN+ Slay+5} (You found it on level 3 of the Crypt)
 59265 | Crypt:3  | Identified the ring "Jodarr" {rElec rN+ MR+ Dex+4 Stlth+} (You took it off a guardian mummy on level 3 of the Crypt)
 59267 | Crypt:3  | Identified the ring "Uschuohyl" {rC- rN+ MP+9 Dex+2} (You took it off a mummy priest on level 3 of the Crypt)
 59301 | Crypt:3  | Identified the Tome of Sinister Arts
 59403 | Crypt:3  | Got a polished spear
 59434 | Crypt:3  | Got a pair of pitted boots
 59445 | Crypt:3  | Identified the +0 pair of boots of the Cicada {rN+ rCorr Str-2 Dex+9} (You found it on level 3 of the Crypt)
 59495 | Crypt:3  | Got a jewelled leather armour
 59598 | Crypt:3  | Identified a +1 large shield of reflection (You found it on level 3 of the Crypt)
 59924 | Crypt:3  | Found a staircase to the Tomb.
 59940 | Crypt:3  | sour: ??order
 59940 | Crypt:3  | beem: hyperelliptic[1/1]: Lair -> D:12 -> Orc -> D:15 -> S:3 -> maybe other S:3 -> maybe Elf:1-2 -> get one S rune -> Vaults:4 -> get second S rune -> maybe Crypt -> Depths:5 -> get three runes -> Zot
 60014 | Crypt:1  | Angani: I'd recommend teleporting right before going down to v5
 60079 | Vaults:5 | Entered Level 5 of the Vaults
 60080 | Vaults:5 | sour: i can see why
 60153 | Vaults:5 | Reached skill level 20 in Dodging
 60321 | Vaults:5 | Identified +0 storm dragon scales
 60350 | Vaults:4 | HP: 59/254 [titan/the air (16)]
 60536 | Vaults:4 | Reached skill level 21 in Dodging
 60572 | Vaults:5 | Noticed a deep elf demonologist
 60579 | Vaults:5 | Killed a deep elf demonologist
 60703 | Vaults:5 | Noticed a deep elf demonologist
 60711 | Vaults:5 | Killed a deep elf demonologist
 60722 | Vaults:5 | Received a gift from Trog
 60801 | Vaults:5 | Noticed a deep elf demonologist
 60811 | Vaults:5 | Killed a deep elf demonologist
 60934 | Vaults:5 | Identified +0 gold dragon scales
 60968 | Vaults:5 | Identified +0 gold dragon scales
 60968 | Vaults:5 | Reached skill level 22 in Dodging
 60973 | Vaults:5 | Unholydonuts: i cant believe this is working. he is actually o tabbing vault 5 ^^
 60981 | Vaults:5 | Reached XP level 26. HP: 258/263 MP: 29/31
 61010 | Vaults:5 | Angani: I expected death to that early upstairs
 61010 | Vaults:5 | Unholydonuts: any other char would just vaporize
 61011 | Vaults:5 | Angani: with the fire giant
 61011 | Vaults:5 | sour: hahah
 61035 | Vaults:5 | Angani: 49 hp is not okay
 61037 | Vaults:5 | Got a twitching marble ring
 61044 | Vaults:5 | Identified the ring "Saiwoty" {Str+2 Slay+2 SInv} (You took it off a tengu reaver on level 5 of the Vaults)
 61088 | Vaults:5 | Noticed a deep elf sorcerer
 61095 | Vaults:5 | Killed a deep elf sorcerer
 61096 | Vaults:5 | Unholydonuts: zot is our only hope
 61138 | Vaults:5 | Angani: I mean, I want him to get a win
 61157 | Vaults:5 | Noticed Sojobo
 61160 | Vaults:5 | Angani: but zot would be the place, if not ehre
 61166 | Vaults:5 | Angani: hfor death
 61171 | Vaults:5 | Killed Sojobo
 61173 | Vaults:5 | Unholydonuts: i as well. but i want him to actually improve
 61178 | Vaults:5 | Angani: yeah
 61179 | Vaults:5 | Unholydonuts: and not just otab.
 61325 | Vaults:5 | Reached skill level 23 in Dodging
 61406 | Vaults:5 | Got a slimy steel ring
 61408 | Vaults:5 | Identified the cursed ring of the Peculiar Queens {rC+ Dex-3} (You took it off a yaktaur on level 5 of the Vaults)
 61549 | Vaults:5 | Noticed Margery
 61551 | Vaults:5 | Received a gift from Trog
 61563 | Vaults:5 | Killed Margery
 61639 | Vaults:5 | Got a silver rune of Zot
 61710 | Vaults:5 | Got a scintillating lead ring
 61934 | Vaults:5 | Identified +0 storm dragon scales
 62362 | Zot:1    | Entered Level 1 of the Realm of Zot
 62413 | Zot:1    | Identified +0 shadow dragon scales
 62420 | Depths:5 | Identified +0 shadow dragon scales
 62599 | Zot:1    | Reached skill level 24 in Dodging
 62654 | Zot:1    | Identified +0 storm dragon scales
 63196 | Zot:1    | Reached skill level 25 in Dodging
 63198 | Zot:1    | Angani: zot time
 63214 | Zot:1    | Angani: got any mapping, sour?
 63239 | Zot:1    | Angani: I've never seen that zot floor
 63245 | Zot:1    | Angani: that's nasty
 63321 | Zot:1    | Received a gift from Trog
 63554 | Zot:1    | Noticed an orb of fire
 63559 | Zot:1    | Lost mutation: Your spells are a little harder to cast, but a little more powerful. [an orb of fire]
 63563 | Zot:1    | Lost mutation: Your muscles are strong. (Str +2) [an orb of fire]
 63576 | Zot:1    | Killed an orb of fire
 63582 | Zot:1    | Reached XP level 27. HP: 234/270 MP: 27/31
 63744 | Zot:1    | sour: my hand hurts from tabbing
 63775 | Zot:1    | Identified +0 storm dragon scales
 63777 | Zot:1    | Received a gift from Trog
 63807 | Zot:1    | Unholydonuts: you are almsot done
 63836 | Zot:1    | Unholydonuts: zot 5 is last floor
 63875 | Zot:1    | Identified the ring of Liberalism {Ice Str+4} (You took it off a fire giant on level 5 of the Vaults)
 64163 | Zot:1    | Reached skill level 26 in Dodging
 64736 | Zot:2    | Identified quicksilver dragon scales
 65289 | Zot:2    | Reached skill level 27 in Dodging
 65419 | Zot:3    | Reached skill level 17 in Maces & Flails
 65597 | Zot:3    | Reached skill level 18 in Maces & Flails
 65678 | Zot:3    | Noticed an orb of fire
 65681 | Zot:3    | Gained mutation: Potions are less effective at restoring your health. [an orb of fire]
 65686 | Zot:3    | Gained mutation: You are weak. (Str -2) [an orb of fire]
 65690 | Zot:3    | Killed an orb of fire
 65982 | Zot:3    | Identified +0 storm dragon scales
 66020 | Zot:3    | Identified +0 gold dragon scales
 66092 | Zot:3    | Noticed an orb of fire
 66103 | Zot:3    | Killed an orb of fire
 66103 | Zot:3    | Reached skill level 19 in Maces & Flails
 66319 | Zot:3    | Identified a +1 plate armour of positive energy (You found it on level 3 of the Realm of Zot)
 66421 | Zot:4    | Identified +0 gold dragon scales
 66439 | Zot:4    | Identified +0 storm dragon scales
 66474 | Zot:4    | Reached skill level 20 in Maces & Flails
 66755 | Zot:4    | Received a gift from Trog
 66778 | Zot:4    | Reached skill level 21 in Maces & Flails
 66850 | Zot:4    | Pekkekk: i mean what can even kill him any more? torment + packs or zot trap paralysis?
 66869 | Zot:4    | Pekkekk: his physical defenses and resistances are both high
 66871 | Zot:4    | Identified +0 gold dragon scales
 67025 | Zot:4    | Unholydonuts: hes gonna o tab zot 5 and win
 67025 | Zot:4    | sour: just a bunch of crap piled
 67025 | Zot:4    | Pekkekk: right
 67112 | Zot:5    | Entered Level 5 of the Realm of Zot
 67203 | Zot:5    | Unholydonuts: sad thing is just that he learns nothing. and will contiunue o tabbing with other chars and wonder why its not working.
 67203 | Zot:5    | sour: o this is zot 5
 67203 | Zot:5    | Pekkekk: he's going to carelessly walk in and everything is going to die
 67203 | Zot:5    | Pekkekk: yep
 67203 | Zot:5    | Pekkekk: you got that right
 67263 | Zot:4    | Pekkekk: this is meme level right here
 67282 | Zot:4    | sour: yes very
 67422 | Zot:5    | Angani: lung time
 67448 | Zot:5    | Noticed an ancient lich
 67453 | Zot:5    | Killed an ancient lich
 67453 | Zot:5    | Reached skill level 22 in Maces & Flails
 67475 | Zot:5    | Identified +0 gold dragon scales
 67481 | Zot:5    | Noticed an orb of fire
 67497 | Zot:5    | Killed an orb of fire
 67544 | Zot:5    | Noticed an ancient lich
 67589 | Zot:5    | Noticed an orb of fire
 67617 | Zot:5    | Killed an ancient lich
 67617 | Zot:5    | Reached skill level 23 in Maces & Flails
 67700 | Zot:5    | Noticed an orb of fire
 67701 | Zot:5    | Noticed an orb of fire
 67703 | Zot:5    | Gained mutation: You evolve. [an orb of fire]
 67706 | Zot:5    | Gained mutation: You are dopey. (Int -2) [an orb of fire]
 67710 | Zot:5    | Gained mutation: You do not regenerate when monsters are visible. [an orb of fire]
 67716 | Zot:5    | Gained mutation: You are frail. (-10% HP) [an orb of fire]
 67719 | Zot:5    | Noticed an orb of fire
 67721 | Zot:5    | Gained mutation: Scrolls take you longer to read. [an orb of fire]
 67726 | Zot:5    | Pekkekk: RIP
 67726 | Zot:5    | sour: i kinda wanna die
 67730 | Zot:5    | Pekkekk: you're about to lol
 67736 | Zot:5    | Gained mutation: You expend magic power (3 MP) to strengthen your wands. [an orb of fire]
 67740 | Zot:5    | HP: 49/242 [orb of fire/bolt of fire (15)]
 67745 | Zot:5    | HP: 14/242 [orb of fire/bolt of fire (13)]
 67746 | Zot:5    | Pekkekk: great balls of fireballs
 67746 | Zot:5    | sour: ye
 67746 | Zot:5    | Unholydonuts: so close.
 67748 | Zot:5    | sour: by the way
 67748 | Zot:5    | sour: the spirit shield thing saved me in cypt
 67748 | Zot:5    | Angani: hm?
 67751 | Zot:5    | Gained mutation: Your body sometimes deteriorates upon taking damage. [an orb of fire]
 67751 | Zot:5    | HP: 8/242 [orb of fire/fireball (6)]
 67752 | Zot:5    | Killed from afar by an orb of fire

Table legend:
 A = Turns spent in this place as a percentage of turns spent in the entire game.
 B = Non-inter-level travel turns spent in this place as a percentage of non-inter-level travel turns spent in the entire game.
 C = Inter-level travel turns spent in this place as a percentage of turns spent in this place.
 D = Turns resting spent in this place as a percentage of non-inter-level travel turns spent in this place.
 E = Turns spent auto-exploring this place as a percentage of non-inter-level travel turns spent in this place.
 F = Non-inter-level travel turns spent in this place divided by the number of levels of this place that you've seen.
                   A       B       C       D       E      F
               +-------+-------+-------+-------+-------+----------------------
         Total | 100.0 | 100.0 |   0.6 |   4.1 |   7.0 | 376.8
       Dungeon |  17.1 |  17.0 |   0.8 |   4.7 |  11.7 | 247.8
          Lair |   7.2 |   7.2 |   0.7 |   2.6 |   7.8 | 261.0
         Swamp |   4.8 |   4.9 |   0.4 |   2.9 |   8.9 | 265.2
     Snake Pit |   7.6 |   7.6 |   0.4 |   6.6 |   5.7 | 415.2
  Orcish Mines |   2.4 |   2.4 |   2.1 |   7.8 |   8.9 | 257.0
   Elven Halls |   8.9 |   8.9 |   0.6 |   3.9 |   4.4 | 651.7
        Vaults |  16.8 |  16.8 |   0.4 |   4.0 |   5.6 | 733.6
         Crypt |   6.2 |   6.2 |   0.8 |   1.9 |   6.7 | 452.0
        Depths |  12.9 |  12.9 |   0.6 |   2.6 |   6.4 | 562.2
           Zot |  10.0 |  10.1 |   0.3 |   5.5 |   5.5 | 439.8
     Labyrinth |   1.0 |   1.0 |   0.0 |   4.2 |   0.0 | 215.0
         Trove |   0.5 |   0.5 |   0.0 |   0.0 |   1.7 | 119.0
         Sewer |   0.8 |   0.9 |   0.0 |   2.7 |  10.8 | 186.0
      Ice Cave |   1.5 |   1.5 |   0.0 |   4.7 |   4.4 | 320.0
       Volcano |   0.9 |   1.0 |   0.0 |   6.7 |   7.7 | 208.0
        Wizlab |   1.4 |   1.4 |   0.0 |   3.7 |   4.0 | 298.0
               +-------+-------+-------+-------+-------+----------------------

Table legend:
 A = Kills in this place as a percentage of kills in entire the game.
 B = Kills by you in this place as a percentage of kills by you in the entire game.
 C = Kills by friends in this place as a percentage of kills by friends in the entire game.
 D = Other kills in this place as a percentage of other kills in the entire game.
 E = Experience gained in this place as a percentage of experience gained in the entire game.
 F = Experience gained in this place divided by the number of levels of this place that you have seen.
                   A       B       C       D       E      F
               +-------+-------+-------+-------+-------+----------------------
         Total | 100.0 | 100.0 | 100.0 | 100.0 | 100.0 | 31094.8
       Dungeon |  18.9 |  19.7 |   6.7 |   0.0 |   4.7 | 5648.9
          Lair |   7.4 |   7.0 |  14.5 |   0.0 |   3.1 | 9414.3
         Swamp |   5.6 |   5.5 |   5.5 |  18.2 |   3.9 | 17360.0
     Snake Pit |   7.6 |   8.0 |   1.8 |   0.0 |   6.4 | 28849.8
  Orcish Mines |   4.3 |   4.0 |   9.1 |   0.0 |   1.5 | 13850.0
   Elven Halls |   5.8 |   5.8 |   6.1 |   0.0 |   7.2 | 43441.0
        Vaults |  20.8 |  20.7 |  18.8 |  72.7 |  24.8 | 89526.2
         Crypt |   5.7 |   5.5 |  10.3 |   0.0 |   5.5 | 32867.0
        Depths |  12.6 |  12.2 |  19.4 |   0.0 |  19.1 | 68911.0
           Zot |   8.0 |   8.1 |   6.1 |   9.1 |  22.7 | 81892.4
     Labyrinth |   0.3 |   0.3 |   0.0 |   0.0 |   0.1 | 2418.0
         Sewer |   1.0 |   1.0 |   0.0 |   0.0 |   0.0 | 168.0
      Ice Cave |   1.3 |   1.2 |   1.8 |   0.0 |   0.5 | 9215.0
       Volcano |   0.9 |   0.9 |   0.0 |   0.0 |   0.3 | 6220.0
        Wizlab |   0.0 |   0.0 |   0.0 |   0.0 |   0.1 | 1149.0
               +-------+-------+-------+-------+-------+----------------------

Skill      XL: |  1  2  3  4  5  6  7  8  9 10 11 12 13 14 15 16 17 18 19 20 21 22 23 24 25 26 27 |
---------------+----------------------------------------------------------------------------------+-----
Maces & Flails | 4 5 7 8 9 11 13 14 16 23 | 23.2
Armour         | 8 11 13 15 16 18 19 23 | 23.1
Fighting       | 6 9 13 16 17 18 22 24 26 27 | 27.0
Dodging        | 7 13 15 16 17 18 22 25 27 | 27.0
Evocations     | 6 12 | 12.2
Shields        | 5 14 19 22 25 | 25.0

Action                   |  1- 3 |  4- 6 |  7- 9 | 10-12 | 13-15 | 16-18 | 19-21 | 22-24 | 25-27 || total
-------------------------+-------+-------+-------+-------+-------+-------+-------+-------+-------++-------
Melee: Mace              |    69 |   168 |   233 |       |       |       |       |       |       ||   470
       Headbutt          |    10 |    21 |    57 |   133 |   250 |   398 |   538 |   651 |   861 ||  2919
       Flail             |       |       |    34 |   522 |   365 |       |       |       |       ||   921
       Morningstar       |       |       |       |       |   502 |  1326 |  1672 |  1940 |  2200 ||  7640
Throw: Stone             |       |       |    22 |       |       |       |       |       |       ||    22
Invok: Berserk           |       |     3 |     6 |     5 |    18 |    10 |    14 |     7 |    22 ||    85
       Brothers in Arms  |       |       |       |     1 |    28 |     8 |     6 |    25 |    27 ||    95
       Burn Spellbooks   |       |       |       |       |     4 |     3 |     3 |     6 |     9 ||    25
 Abil: Evoke Flight      |       |       |       |       |     1 |       |       |       |       ||     1
       Evoke Invisibilit |       |       |       |       |       |       |     1 |       |     1 ||     2
       Evoke Blink       |       |       |       |       |       |       |       |       |     2 ||     2
Evoke: Wand              |       |       |       |       |     4 |       |       |     1 |     5 ||    10
       Sack of spiders   |       |       |       |       |       |     1 |     3 |       |       ||     4
       Box of beasts     |       |       |       |       |       |       |     3 |     7 |       ||    10
       Phial of floods   |       |       |       |       |       |       |       |     1 |     1 ||     2
  Use: Scroll            |       |     3 |     2 |    20 |     9 |    13 |     3 |    13 |    10 ||    73
       Potion            |       |       |       |     1 |     1 |     1 |     2 |       |     8 ||    13
 Stab: Distracted        |       |       |       |       |     4 |     1 |     1 |     4 |     5 ||    15
       Invisible         |       |       |       |       |       |       |     4 |       |     1 ||     5
  Eat: Chunk             |     1 |     8 |    18 |    29 |    54 |    39 |    49 |    44 |    40 ||   282
       Bread ration      |       |       |       |     1 |     1 |     6 |       |       |     1 ||     9
       Fruit             |       |       |       |       |     3 |       |     4 |     9 |     8 ||    24
       Royal jelly       |       |       |       |       |     1 |       |       |       |     2 ||     3
       Meat ration       |       |       |       |       |       |       |       |       |     3 ||     3
Armor: Animal skin       |     1 |       |       |       |       |       |       |       |       ||     1
       Chain mail        |    26 |    84 |   115 |       |       |       |       |       |       ||   225
       Plate armour      |       |       |     2 |   261 |   401 |   337 |   103 |       |       ||  1104
       Storm dragon scal |       |       |       |       |       |       |   174 |   430 |   574 ||  1178
Dodge: Dodged            |    43 |    64 |    98 |   208 |   676 |   514 |   464 |   712 |  1337 ||  4116
Block: Shield            |       |       |       |       |    58 |       |       |       |       ||    58
       Large shield      |       |       |       |       |    46 |  1417 |  1576 |  2148 |  2591 ||  7778
       Reflection        |       |       |       |       |       |       |       |       |    44 ||    44

Vanquished Creatures
  Mara (Crypt:2)
  2 orbs of fire
  3 ancient liches
  3 juggernauts (Depths:4)
  Sojobo (Vaults:5)
  Saint Roka (Vaults:2)
  Bai Suzhen (Vaults:3)
  Margery (Vaults:5)
  2 Killer Klowns
  13 golden dragons
  Jory (Vaults:4)
  the Enchantress (Depths:4)
  4 liches
  Jorgrun (Vaults:4)
  6 electric golems
  A shard shrike zombie (Crypt:1)
  9 Orb Guardians (Zot:5)
  19 tentacled monstrosities
  4 titans
  5 quicksilver dragons
  3 deep elf blademasters (Elf:3)
  4 deep elf master archers (Elf:3)
  Asterion (Vaults:1)
  3 sphinxes
  10 storm dragons
  8 death cobs
  2 ancient champions
  Gastronok (D:8)
  2 thorn hunters (Swamp:4)
  A revenant (Crypt:1)
  8 tengu reavers
  7 nagarajas (Snake:4)
  Roxanne (Swamp:4)
  The ghost of morbho the Unseen, an adept SpEn of Ashenzari (Depths:1)
  Donald (Swamp:1)
  7 shadow dragons
  12 draconian monks
  7 draconian knights
  An iron dragon (Depths:4)
  14 fire giants
  A balrug (Depths:1)
  14 frost giants
  14 vault wardens
  6 deep elf sorcerers
  4 ghost moths
  7 draconian scorchers
  8 draconian annihilators
  3 orc warlords
  6 ghouls
  6 draconian shifters
  7 deep elf elementalists
  24 very ugly things
  20 ironheart preservers
  4 draconian stormcallers
  5 spriggan defenders (Depths:4)
  2 war gargoyles (Zot:1)
  11 vampire knights
  9 green draconians
  13 stone giants
  The ghost of tomku the Severer, a journeyman HOFi of Yredelemnul (Volcano)
  Nessos (D:12)
  20 black draconians
  10 purple draconians
  9 yellow draconians
  7 spark wasps
  19 white draconians
  7 deep elf demonologists
  12 red draconians
  4 crystal guardians
  17 ettins
  10 deep elf death magi
  2 eidola
  An orange crystal statue (WizLab)
  7 deep elf annihilators
  2 mummy priests (Crypt:3)
  Josephine (Snake:1)
  A blizzard demon (Depths:3)
  Snorg (Orc:1)
  A minotaur (Lab)
  8 jiangshi
  6 rakshasas
  18 yaktaur captains
  10 fire dragons
  7 deep elf high priests
  10 ice dragons
  15 hydras
  Harold (Orc:1)
  5 great orbs of eyes
  21 naga warriors
  4 spriggan air magi
  Erolcha (D:12)
  35 vault guards
  7 anacondas
  46 two-headed ogres
  A large abomination (Vaults:5)
  5 centaur warriors
  4 death knights
  A ghost crab (Swamp:3)
  An alligator (shapeshifter) (Vaults:5)
  7 deep troll earth magi
  Erica (Orc:1)
  14 ogre magi
  13 alligators
  9 deep troll shamans
  11 death yaks
  9 tengu warriors
  33 dancing weapons
  16 naga sharpshooters
  7 hell knights
  14 vampire magi
  An orc high priest (Orc:2)
  3 spriggan berserkers
  15 shock serpents
  30 deep elf knights
  5 shadow wraiths
  A sun demon (Depths:3)
  2 salamander mystics (Snake:4)
  5 sixfirhies
  4 soul eaters
  19 skeletal warriors
  3 unseen horrors
  2 iron trolls
  A sea snake (shapeshifter) (Depths:5)
  A torturous demonspawn (Depths:1)
  5 glowing orange brains
  2 anaconda zombies
  7 flayed ghosts
  7 naga ritualists
  A death drake (shapeshifter) (Vaults:1)
  The ghost of sour the Slinger, a novice HaHu of the Shining One (D:8)
  An iron giant zombie (Crypt:2)
  29 deep trolls
  A spriggan druid (Swamp:3)
  5 swamp dragons
  16 deep elf archers
  10 wizards
  5 lindwurms
  11 phantasmal warriors
  69 deep elf magi
  23 orc knights
  8 harpies
  4 shambling mangroves
  13 ironbrand convokers
  A mana viper (shapeshifter) (Vaults:5)
  An iron dragon zombie (Crypt:1)
  4 necromancers
  A salamander (shapeshifter) (Vaults:3)
  4 wolf spiders
  2 orb spiders (shapeshifter)
  11 orc sorcerers
  A faun (shapeshifter) (Vaults:5)
  6 mana vipers
  A shining eye (shapeshifter) (Depths:3)
  A sphinx skeleton (Crypt:3)
  6 cyclopes
  69 ugly things
  16 moths of wrath
  10 salamanders
  An iron dragon skeleton (Crypt:1)
  A shock serpent zombie (Crypt:1)
  11 elephants
  15 vault sentinels
  Maurice (D:13)
  2 ice statues (Depths:3)
  A rust devil (Depths:2)
  13 naga magi
  A fire giant skeleton (Depths:2)
  30 black mambas
  A torpor snail (Lair:2)
  9 guardian serpents
  15 spiny frogs
  Psyche (D:9)
  An orange demon (Depths:3)
  2 molten gargoyles
  2 green draconian zombies
  A spiny frog (shapeshifter) (D:14)
  A hellion (Depths:3)
  2 rime drakes (Lair:6)
  10 freezing wraiths
  6 ice devils
  5 komodo dragons
  2 demonic crawlers (D:13)
  54 yaktaurs
  A spriggan zombie (Depths:2)
  A komodo dragon (shapeshifter) (Depths:1)
  24 guardian mummies (Crypt:3)
  A small abomination (Vaults:4)
  4 red devils
  2 tengu conjurers
  14 trolls
  A harpy zombie (D:15)
  2 meliai (shapeshifter)
  16 polar bears
  24 hornets
  21 blink frogs
  2 tyrant leeches
  A wind drake (shapeshifter) (Depths:2)
  A hornet (shapeshifter) (Elf:3)
  2 minotaur skeletons
  2 raiju (Zot:1)
  A moth of wrath zombie (Crypt:3)
  A blink frog (shapeshifter) (Vaults:4)
  15 dream sheep
  9 hippogriffs
  27 slime creatures
  17 bog bodies
  A stone giant simulacrum (Vaults:1)
  6 flying skulls (Crypt:1)
  10 spriggans
  7 vampires
  4 water elementals
  7 basilisks
  8 air elementals
  6 shadows
  A ynoxinul (Depths:1)
  6 wraiths
  A yak (shapeshifter) (D:13)
  63 yaks
  9 ushabtiu (Crypt:3)
  13 fire bats
  10 wyverns
  A basilisk (shapeshifter) (Vaults:5)
  A hungry ghost (D:8)
  3 hogs (D:13)
  2 steam dragons
  14 vampire mosquitoes
  A neqoxec (Depths:1)
  The ghost of syranez the Chiller, an amateur DsIE (D:3)
  10 wargs
  76 nagas
  2 soldier ants
  17 swamp worms
  21 insubstantial wisps
  A water moccasin (shapeshifter) (Depths:4)
  A deep troll zombie (Crypt:2)
  9 porcupines
  4 acid dragons
  20 water moccasins
  2 hell hounds (Volcano)
  A glowing shapeshifter zombie (Crypt:2)
  3 black bears
  5 ice beasts
  12 swamp drakes
  A swamp drake (shapeshifter) (Vaults:2)
  48 orc warriors
  A water nymph skeleton (Crypt:1)
  A hornet zombie (D:12)
  3 phantoms (D:6)
  2 necrophages
  5 sky beasts
  A lindwurm skeleton (Crypt:3)
  52 ogres
  2 eyes of draining
  A tengu (shapeshifter) (Vaults:5)
  A boggart (shapeshifter) (Vaults:5)
  5 boggarts
  6 centaurs
  An elephant skeleton (Crypt:1)
  10 wolves
  A manticore skeleton (Crypt:2)
  A hog zombie (Crypt:1)
  15 crocodiles
  A komodo dragon zombie (Crypt:2)
  6 big kobolds
  17 bullfrogs
  A wyvern zombie (D:13)
  8 earth elementals
  A wyvern skeleton (D:12)
  4 scorpions
  An elf simulacrum (Vaults:2)
  12 killer bees
  A spriggan skeleton (Crypt:1)
  6 wights
  2 vampire bats (D:13)
  3 electric eels (D:15)
  6 howler monkeys
  9 crimson imps
  7 lava snakes (Volcano)
  A centaur zombie (D:8)
  6 hounds
  7 quasits
  An iron imp (Depths:1)
  5 jellies
  7 centaur skeletons
  26 orc priests
  A water moccasin simulacrum (D:9)
  2 bullfrog skeletons
  25 orc wizards
  A gnoll shaman (D:10)
  A human skeleton (Crypt:3)
  An iguana (D:7)
  15 worker ants
  5 lightning spires (Zot:1)
  A big kobold zombie (Crypt:3)
  A bullfrog simulacrum (D:9)
  An ogre zombie (Crypt:2)
  A sky beast zombie (Crypt:1)
  A hound skeleton (D:9)
  2 mummies (Crypt:3)
  A worker ant zombie (D:10)
  4 gnolls (D:9)
  21 adders
  A river rat (Sewer)
  A hound simulacrum (D:9)
  2 shadow imps
  15 white imps
  6 ufetubi
  8 oozes
  An iguana zombie (Crypt:3)
  2 adder skeletons
  15 worms
  A worm (shapeshifter) (Depths:2)
  15 dart slugs
  9 leopard geckos
  122 orcs
  11 ball pythons
  13 giant cockroaches
  10 goblins
  7 hobgoblins
  11 jackals
  29 kobolds
  2 quokkas
  A ball python zombie (Crypt:2)
  11 bats
  2 frilled lizards
  A gnoll skeleton (Crypt:3)
  A hobgoblin zombie (Crypt:1)
  A leopard gecko skeleton (Crypt:3)
  A leopard gecko zombie (D:5)
  4 rats
  A crawling corpse (Elf:1)
2673 creatures vanquished.

Vanquished Creatures (collateral kills)
  2 orbs of fire (Zot:3)
  A greater mummy (Crypt:3)
  Frederick (Depths:3)
  Vashnia (Snake:4)
  A bone dragon (Depths:5)
  Rupert (Orc:2)
  A tentacled monstrosity (Zot:5)
  A lich (Depths:5)
  Kirke (D:13)
  A storm dragon (Vaults:5)
  2 thorn hunters
  A fire giant (Depths:2)
  A vault warden (Vaults:4)
  A caustic shrike zombie (Depths:2)
  A stone giant (Depths:3)
  An ironheart preserver (Vaults:4)
  The ghost of Patate the Unseen, a journeyman SpEn of Okawaru (Lair:5)
  A deep elf demonologist (Elf:1)
  A dire elephant (Lair:6)
  A deep elf annihilator (Vaults:4)
  A black draconian (Zot:2)
  2 purple draconians (Zot:2)
  2 red draconians (Zot:2)
  A yellow draconian (Zot:2)
  2 mummy priests (Crypt:3)
  2 fire dragons (Depths:5)
  A yaktaur captain (Vaults:2)
  An ice dragon (Depths:3)
  A spriggan air mage (Depths:4)
  5 vault guards
  2 hydras
  2 rakshasas
  A hell beast (Depths:2)
  A death knight (Vaults:5)
  A two-headed ogre (shapeshifter) (Vaults:5)
  A centaur warrior (Vaults:2)
  The ghost of harmitage the Grappler, a novice TrMo (D:10)
  A two-headed ogre (D:13)
  2 deep troll shamans (Depths:2)
  A tengu warrior (Depths:3)
  2 death yaks
  4 orc high priests
  2 naga sharpshooters (Snake:4)
  3 deep elf knights (Elf:1)
  2 spriggan berserkers
  An iron troll (Depths:2)
  A hell knight (Vaults:5)
  4 skeletal warriors
  A swamp dragon (Swamp:4)
  2 deep elf archers
  A glowing orange brain (Depths:2)
  An ironbrand convoker (Vaults:5)
  6 deep trolls (Depths:2)
  3 wizards
  An orc sorcerer (Orc:2)
  2 ugly things (Vaults:3)
  4 deep elf magi
  A frost giant zombie (Depths:2)
  A moth of wrath (Zot:2)
  2 elephants (Lair:6)
  2 ice statues (IceCv)
  A vault sentinel (Vaults:4)
  A torpor snail (Lair:5)
  A rime drake (Lair:6)
  A spiny frog (Lair:6)
  A yaktaur (Vaults:2)
  A freezing wraith (Vaults:5)
  10 guardian mummies (Crypt:3)
  A hornet (Vaults:5)
  A polar bear (IceCv)
  4 bog bodies
  3 blink frogs (Lair:5)
  2 dream sheep (Lair:6)
  A water elemental (Elf:1)
  3 yaks (Lair:5)
  A golden eye (shapeshifter) (Depths:2)
  A basilisk (Lair:6)
  2 insubstantial wisps (Swamp:4)
  A swamp worm (Swamp:1)
  A water moccasin (Lair:6)
  A porcupine (Lair:5)
  10 orc warriors
  A swamp drake (Swamp:4)
  3 ogres
  An eye of draining (shapeshifter) (Depths:3)
  A centaur (D:15)
  2 bullfrogs (Lair:6)
  2 killer bees (D:10)
  3 orc wizards
  A mummy (Crypt:3)
  A river rat (Lair:6)
  3 orcs
  A butterfly (Lair:6)
  A crawling corpse (Elf:1)
167 creatures vanquished.

Vanquished Creatures (others)
  2 storm dragons
  A draconian knight (Zot:1)
  A draconian shifter (Zot:1)
  A war gargoyle (Vaults:5)
  A stone giant (Vaults:4)
  A black draconian (Zot:1)
  An ogre mage (Vaults:2)
  A shock serpent (Zot:1)
  A moth of wrath (Zot:5)
  2 yaktaurs
  A hornet (Swamp:3)
  A water elemental (Depths:1)
  A swamp drake (Swamp:4)
  2 ogres
  A howler monkey (D:5)
  A quasit (Depths:3)
  5 ball lightnings (Zot:1)
  An orc (Orc:2)
  4 fungi (Lair:6)
  17 plants
46 creatures vanquished.

Grand Total: 2886 creatures vanquished
